Workbook

Sheet Order summary
E1: Customer information
E2: Company Name:
E3: Billing Address:
E4: Delivery address:
E5: VAT number (if available):
E6: Contact person:
E7: Phone number:
A8: www.thrillseekerholds.com
E9: Total Price* | G9: =IF(B29=1, 'PU holds'!W88+R29,'PU holds'!W88) -> 0
E11: Total fiberglass macros | G11: ='Macros Fiberglass'!R44 -> 0
E12: Total PU holds | G12: ='PU holds'!X88 -> 0
E13: Total PE holds | G13: ='PE holds'!S23 -> 0
E14: Total weight | G14: ='PU holds'!V88+'Macros Fiberglass'!P44+'PE holds'!Q23 -> 0
E16: Hold by size | G16: XS | H16: S | I16: M | J16: L | K16: XL | L16: MEGA | M16: GIGA
E17: pcs | G17: ='PU holds'!AQ88 -> 0 | H17: ='PU holds'!AR88 -> 0 | I17: ='PU holds'!AS88 -> 0 | J17: ='PU holds'!AT88 -> 0 | K17: ='PU holds'!AU88 -> 0 | L17: ='PU holds'!AV88 -> 0 | M17: ='PU holds'!AW88 -> 0
E18: % | G18: =IFERROR(G17/$G$12,0) -> 0 | H18: =IFERROR(H17/$G$12,0) -> 0 | I18: =IFERROR(I17/$G$12,0) -> 0 | J18: =IFERROR(J17/$G$12,0) -> 0 | K18: =IFERROR(K17/$G$12,0) -> 0 | L18: =IFERROR(L17/$G$12,0) -> 0 | M18: =IFERROR(M17/$G$12,0) -> 0
E20: Holds by grip | G20: Footholds | H20: Jugs | I20: Edges | J20: Slopers | K20: Pinches | L20: Pockets
E21: pcs | G21: ='PU holds'!BE88 -> 0 | H21: ='PU holds'!BF88 -> 0 | I21: ='PU holds'!BG88 -> 0 | J21: ='PU holds'!BH88 -> 0 | K21: ='PU holds'!BI88 -> 0 | L21: ='PU holds'!BJ88 -> 0
E22: % | G22: =IFERROR(G21/$G$12,0) -> 0 | H22: =IFERROR(H21/$G$12,0) -> 0 | I22: =IFERROR(I21/$G$12,0) -> 0 | J22: =IFERROR(J21/$G$12,0) -> 0 | K22: =IFERROR(K21/$G$12,0) -> 0 | L22: =IFERROR(L21/$G$12,0) -> 0
E24: Holds by color | G24: =SUMPRODUCT('PU holds'!I2:I87,'PU holds'!$AX$2:$AX$87)+SUMPRODUCT('PE holds'!I2:I22,'PE holds'!AS2:AS22) -> 0 | H24: =SUMPRODUCT('PU holds'!J2:J87,'PU holds'!$AX$2:$AX$87)+SUMPRODUCT('PE holds'!J2:J22,'PE holds'!AS2:AS22) -> 0 | I24: =SUMPRODUCT('PU holds'!K2:K87,'PU holds'!$AX$2:$AX$87)+SUMPRODUCT('PE holds'!K2:K22,'PE holds'!AS2:AS22) -> 0 | J24: =SUMPRODUCT('PU holds'!L2:L87,'PU holds'!$AX$2:$AX$87)+SUMPRODUCT('PE holds'!L2:L22,'PE holds'!AS2:AS22) -> 0 | K24: =SUMPRODUCT('PU holds'!M2:M87,'PU holds'!$AX$2:$AX$87)+SUMPRODUCT('PE holds'!M2:M22,'PE holds'!AS2:AS22) -> 0 | L24: =SUMPRODUCT('PU holds'!N2:N87,'PU holds'!$AX$2:$AX$87) -> 0 | M24: =SUMPRODUCT('PU holds'!O2:O87,'PU holds'!$AX$2:$AX$87) -> 0 | N24: =SUMPRODUCT('PU holds'!P2:P87,'PU holds'!$AX$2:$AX$87)+SUMPRODUCT('PE holds'!M2:M22,'PE holds'!AS2:AS22) -> 0 | O24: =SUMPRODUCT('PU holds'!Q2:Q87,'PU holds'!$AX$2:$AX$87)+SUMPRODUCT('PE holds'!N2:N22,'PE holds'!AS2:AS22) -> 0 | P24: =SUMPRODUCT('PU holds'!R2:R87,'PU holds'!$AX$2:$AX$87) -> 0 | Q24: =SUMPRODUCT('PU holds'!S2:S87,'PU holds'!$AX$2:$AX$87) -> 0 | R24: =SUMPRODUCT('PU holds'!T2:T87,'PU holds'!$AX$2:$AX$87)+SUMPRODUCT('PE holds'!O2:O22,'PE holds'!AS2:AS22) -> 0
E25: % | G25: =IFERROR(G24/$G$12,0) -> 0 | H25: =IFERROR(H24/$G$12,0) -> 0 | I25: =IFERROR(I24/$G$12,0) -> 0 | J25: =IFERROR(J24/$G$12,0) -> 0 | K25: =IFERROR(K24/$G$12,0) -> 0 | L25: =IFERROR(L24/$G$12,0) -> 0 | M25: =IFERROR(M24/$G$12,0) -> 0 | N25: =IFERROR(N24/$G$12,0) -> 0 | ... R25: =IFERROR(R24/$G$12,0) -> 0
E27: Required bolts (M10 Cap head bolt) | G27: 40 | H27: 50 | I27: 60 | J27: 70 | K27: 80 | L27: 90 | M27: 100 | N27: 120 | O27: 140 | P27: 160 | Q27: 233 | R27: Total
E28: pcs | G28: ='PU holds'!BK88+'PE holds'!BF20 -> 0 | H28: ='PU holds'!BL88+'PE holds'!BG20 -> 0 | I28: ='PU holds'!BM88+'PE holds'!BH20 -> 0 | J28: ='PU holds'!BN88+'PE holds'!BI20 -> 0 | K28: ='PU holds'!BO88+'PE holds'!BJ20 -> 0 | L28: ='PU holds'!BP88+'PE holds'!BK20 -> 0 | M28: ='PU holds'!BQ88 -> 0 | N28: ='PU holds'!BR88 -> 0 | O28: ='PU holds'!BS88 -> 0 | P28: ='PU holds'!BT88 -> 0 | Q28: ='PU holds'!BU88 -> 0 | R28: =SUM(G28:Q28) -> 0
B29: =FALSE() -> FALSE
B31: *All listed prices are in EURO, without VAT and shipping fees. We accept payments via bank transfers or credit/debit card. Please use the tabs below to select your climbing holds and macros. Email your complete order to tz.bonev@holdsandwalls.at If you need mats or matting solutions mail your inquiry to sales@topmat.at

Sheet PU holds
A1: Ref. No. | B1: Set name | C1: Grip type | D1: Size | E1: View picture | F1: Total holds/set | G1: Price (EUR) | H1: Set | I1: Yellow | J1: Red | K1: Blue | L1: Black | M1: Fluoro Orange | N1: Fluoro Green | O1: Fluoro Pink | P1: Signal violet | Q1: Mint 6027 | R1: Green dark (US) | S1: Green light (US) | T1: White* | U1: Weight (kg.) | V1: Total weight (kg.) | W1: Total Amount | Y1: 40 | Z1: 50 | AA1: 60 | AB1: 70 | AC1: 80 | AD1: 90 | AE1: 100 | AF1: 120 | AG1: 140 | AH1: 160 | AI1: 233 | AJ1: XS | AK1: S | AL1: M | AM1: L | AN1: XL | AO1: MEGA | AP1: GIGA | AQ1: XS | AR1: S | AS1: M | AT1: L | AU1: XL | AV1: MEGA | AW1: GIGA | AX1: colors | AY1: Footholds | AZ1: Jugs | BA1: Edges | BB1: Slopers | BC1: Pinches | BD1: Pockets | BE1: Footholds | BF1: Jugs | BG1: Edges | BH1: Slopers | BI1: Pinches | BJ1: Pockets | BK1: 40 | BL1: 50 | BM1: 60 | BN1: 70 | BO1: 80 | BP1: 90 | BQ1: 100 | BR1: 120 | BS1: 140 | BT1: 160 | BU1: 233
A2: 17479 | B2: Obsidian - L Pinches Hard | C2: Slopers | D2: L | F2: 7 | G2: 226.464 | H2: =SUM(I2:T2) -> 0 | U2: 2.675 | V2: =H2*U2 -> 0 | W2: =H2*G2 -> 0 | X2: =F2*H2 -> 0 | AQ2: =AJ2*H2 -> 0 | AR2: =AK2*$H$2 -> 0 | AS2: =AL2*$H$2 -> 0 | AT2: =AM2*$H$2 -> 0 | AU2: =AN2*$H$2 -> 0 | AV2: =AO2*$H$2 -> 0 | AW2: =AP2*$H$2 -> 0 | AX2: =SUM(AJ2:AP2) -> 0 | BE2: =AY2*$H$2 -> 0 | BF2: =AZ2*$H$2 -> 0 | BG2: =BA2*$H$2 -> 0 | BH2: =BB2*$H$2 -> 0 | BI2: =BC2*$H$2 -> 0 | BJ2: =BD2*$H$2 -> 0 | BK2: =Y2*$H$2 -> 0 | BL2: =Z2*$H$2 -> 0 | BM2: =AA2*$H$2 -> 0 | BN2: =AB2*$H$2 -> 0 | BO2: =AC2*$H$2 -> 0 | BP2: =AD2*$H$2 -> 0 | BQ2: =AE2*$H$2 -> 0 | BR2: =AF2*$H$2 -> 0 | ... BU2: =AI2*$H$2 -> 0
A3: 17480 | B3: Obsidian – L Pinches Positive | C3: Slopers | D3: L | F3: 7 | G3: 271.544 | H3: =SUM(I3:T3) -> 0 | U3: 3.423 | V3: =H3*U3 -> 0 | W3: =H3*G3 -> 0 | X3: =F3*H3 -> 0 | AQ3: =AJ3*H3 -> 0 | AR3: =AK3*$H$3 -> 0 | AS3: =AL3*$H$3 -> 0 | AT3: =AM3*$H$3 -> 0 | AU3: =AN3*$H$3 -> 0 | AV3: =AO3*$H$3 -> 0 | AW3: =AP3*$H$3 -> 0 | AX3: =SUM(AJ3:AP3) -> 0 | BE3: =AY3*$H$3 -> 0 | BF3: =AZ3*$H$3 -> 0 | BG3: =BA3*$H$3 -> 0 | BH3: =BB3*$H$3 -> 0 | BI3: =BC3*$H$3 -> 0 | BJ3: =BD3*$H$3 -> 0 | BK3: =Y3*$H$3 -> 0 | BL3: =Z3*$H$3 -> 0 | BM3: =AA3*$H$3 -> 0 | BN3: =AB3*$H$3 -> 0 | BO3: =AC3*$H$3 -> 0 | BP3: =AD3*$H$3 -> 0 | BQ3: =AE3*$H$3 -> 0 | BR3: =AF3*$H$3 -> 0 | ... BU3: =AI3*$H$3 -> 0
A4: 11814 | B4: Obsidian - M Edges Hard | C4: Slopers | D4: M | F4: 7 | G4: 146.02 | H4: =SUM(I4:T4) -> 0 | U4: 2.403 | V4: =H4*U4 -> 0 | W4: =H4*G4 -> 0 | X4: =F4*H4 -> 0 | AQ4: =AJ4*$H$4 -> 0 | AR4: =AK4*$H$4 -> 0 | AS4: =AL4*$H$4 -> 0 | AT4: =AM4*$H$4 -> 0 | AU4: =AN4*$H$4 -> 0 | AV4: =AO4*$H$4 -> 0 | AW4: =AP4*$H$4 -> 0 | AX4: =SUM(AJ4:AP4) -> 0 | BE4: =AY4*$H$4 -> 0 | BF4: =AZ4*$H$4 -> 0 | BG4: =BA4*$H$4 -> 0 | BH4: =BB4*$H$4 -> 0 | BI4: =BC4*$H$4 -> 0 | BJ4: =BD4*$H$4 -> 0 | BK4: =Y4*$H$4 -> 0 | BL4: =Z4*$H$4 -> 0 | BM4: =AA4*$H$4 -> 0 | BN4: =AB4*$H$4 -> 0 | BO4: =AC4*$H$4 -> 0 | BP4: =AD4*$H$4 -> 0 | BQ4: =AE4*$H$4 -> 0 | BR4: =AF4*$H$4 -> 0 | ... BU4: =AI4*$H$4 -> 0
A5: 11815 | B5: Obsidian - M Edges Positive | C5: Slopers | D5: M | F5: 8 | G5: 141.652 | H5: =SUM(I5:T5) -> 0 | U5: 2.237 | V5: =H5*U5 -> 0 | W5: =H5*G5 -> 0 | X5: =F5*H5 -> 0 | AQ5: =AJ5*$H$5 -> 0 | AR5: =AK5*$H$5 -> 0 | AS5: =AL5*$H$5 -> 0 | AT5: =AM5*$H$5 -> 0 | AU5: =AN5*$H$5 -> 0 | AV5: =AO5*$H$5 -> 0 | AW5: =AP5*$H$5 -> 0 | AX5: =SUM(AJ5:AP5) -> 0 | BE5: =AY5*$H$5 -> 0 | BF5: =AZ5*$H$5 -> 0 | BG5: =BA5*$H$5 -> 0 | BH5: =BB5*$H$5 -> 0 | BI5: =BC5*$H$5 -> 0 | BJ5: =BD5*$H$5 -> 0 | BK5: =Y5*$H$5 -> 0 | BL5: =Z5*$H$5 -> 0 | BM5: =AA5*$H$5 -> 0 | BN5: =AB5*$H$5 -> 0 | BO5: =AC5*$H$5 -> 0 | BP5: =AD5*$H$5 -> 0 | BQ5: =AE5*$H$5 -> 0 | BR5: =AF5*$H$5 -> 0 | ... BU5: =AI5*$H$5 -> 0
A6: 11511 | B6: Obsidian - Mega Sloper 1 | C6: Pinches | D6: Mega | F6: 1 | G6: 153.02 | H6: =SUM(I6:T6) -> 0 | U6: 2.228 | V6: =H6*U6 -> 0 | W6: =H6*G6 -> 0 | X6: =F6*H6 -> 0 | AQ6: =AJ6*$H$6 -> 0 | AR6: =AK6*$H$6 -> 0 | AS6: =AL6*$H$6 -> 0 | AT6: =AM6*$H$6 -> 0 | AU6: =AN6*$H$6 -> 0 | AV6: =AO6*$H$6 -> 0 | AW6: =AP6*$H$6 -> 0 | AX6: =SUM(AJ6:AP6) -> 0 | BE6: =AY6*$H$6 -> 0 | BF6: =AZ6*$H$6 -> 0 | BG6: =BA6*$H$6 -> 0 | BH6: =BB6*$H$6 -> 0 | BI6: =BC6*$H$6 -> 0 | BJ6: =BD6*$H$6 -> 0 | BK6: =Y6*$H$6 -> 0 | BL6: =Z6*$H$6 -> 0 | BM6: =AA6*$H$6 -> 0 | BN6: =AB6*$H$6 -> 0 | BO6: =AC6*$H$6 -> 0 | BP6: =AD6*$H$6 -> 0 | BQ6: =AE6*$H$6 -> 0 | BR6: =AF6*$H$6 -> 0 | ... BU6: =AI6*$H$6 -> 0
A7: 11368 | B7: Obsidian - Mega Sloper 2 | C7: Pinches | D7: Mega | F7: 1 | G7: 84.196 | H7: =SUM(I7:T7) -> 0 | U7: 1.083 | V7: =H7*U7 -> 0 | W7: =H7*G7 -> 0 | X7: =F7*H7 -> 0 | AQ7: =AJ7*$H$7 -> 0 | AR7: =AK7*$H$7 -> 0 | AS7: =AL7*$H$7 -> 0 | AT7: =AM7*$H$7 -> 0 | AU7: =AN7*$H$7 -> 0 | AV7: =AO7*$H$7 -> 0 | AW7: =AP7*$H$7 -> 0 | AX7: =SUM(AJ7:AP7) -> 0 | BE7: =AY7*$H$7 -> 0 | BF7: =AZ7*$H$7 -> 0 | BG7: =BA7*$H$7 -> 0 | BH7: =BB7*$H$7 -> 0 | BI7: =BC7*$H$7 -> 0 | BJ7: =BD7*$H$7 -> 0 | BK7: =Y7*$H$7 -> 0 | BL7: =Z7*$H$7 -> 0 | BM7: =AA7*$H$7 -> 0 | BN7: =AB7*$H$7 -> 0 | BO7: =AC7*$H$7 -> 0 | BP7: =AD7*$H$7 -> 0 | BQ7: =AE7*$H$7 -> 0 | BR7: =AF7*$H$7 -> 0 | ... BU7: =AI7*$H$7 -> 0
A8: 11113 | B8: Obsidian - S Edges Screw On | C8: Footholds | D8: S | F8: 10 | G8: 90.552 | H8: =SUM(I8:T8) -> 0 | U8: 1.122 | V8: =H8*U8 -> 0 | W8: =H8*G8 -> 0 | X8: =F8*H8 -> 0 | AQ8: =AJ8*$H$8 -> 0 | AR8: =AK8*$H$8 -> 0 | AS8: =AL8*$H$8 -> 0 | AT8: =AM8*$H$8 -> 0 | AU8: =AN8*$H$8 -> 0 | AV8: =AO8*$H$8 -> 0 | AW8: =AP8*$H$8 -> 0 | AX8: =SUM(AJ8:AP8) -> 0 | BE8: =AY8*$H$8 -> 0 | BF8: =AZ8*$H$8 -> 0 | BG8: =BA8*$H$8 -> 0 | BH8: =BB8*$H$8 -> 0 | BI8: =BC8*$H$8 -> 0 | BJ8: =BD8*$H$8 -> 0 | BK8: =Y8*$H$8 -> 0 | BL8: =Z8*$H$8 -> 0 | BM8: =AA8*$H$8 -> 0 | BN8: =AB8*$H$8 -> 0 | BO8: =AC8*$H$8 -> 0 | BP8: =AD8*$H$8 -> 0 | BQ8: =AE8*$H$8 -> 0 | BR8: =AF8*$H$8 -> 0 | ... BU8: =AI8*$H$8 -> 0
A9: 11369 | B9: Obsidian - XL Slopers 1 | C9: Edges | D9: XL | F9: 3 | G9: 151.956 | H9: =SUM(I9:T9) -> 0 | U9: 2.04 | V9: =H9*U9 -> 0 | W9: =H9*G9 -> 0 | X9: =F9*H9 -> 0 | AQ9: =AJ9*$H$9 -> 0 | AR9: =AK9*$H$9 -> 0 | AS9: =AL9*$H$9 -> 0 | AT9: =AM9*$H$9 -> 0 | AU9: =AN9*$H$9 -> 0 | AV9: =AO9*$H$9 -> 0 | AW9: =AP9*$H$9 -> 0 | AX9: =SUM(AJ9:AP9) -> 0 | BE9: =AY9*$H$9 -> 0 | BF9: =AZ9*$H$9 -> 0 | BG9: =BA9*$H$9 -> 0 | BH9: =BB9*$H$9 -> 0 | BI9: =BC9*$H$9 -> 0 | BJ9: =BD9*$H$9 -> 0 | BK9: =Y9*$H$9 -> 0 | BL9: =Z9*$H$9 -> 0 | BM9: =AA9*$H$9 -> 0 | BN9: =AB9*$H$9 -> 0 | BO9: =AC9*$H$9 -> 0 | BP9: =AD9*$H$9 -> 0 | BQ9: =AE9*$H$9 -> 0 | BR9: =AF9*$H$9 -> 0 | ... BU9: =AI9*$H$9 -> 0
A10: 11457 | B10: Obsidian - XL Slopers 2 | C10: Edges | D10: XL | F10: 4 | G10: 203.728 | H10: =SUM(I10:T10) -> 0 | U10: 2.935 | V10: =H10*U10 -> 0 | W10: =H10*G10 -> 0 | X10: =F10*H10 -> 0 | AQ10: =AJ10*$H$10 -> 0 | AR10: =AK10*$H$10 -> 0 | AS10: =AL10*$H$10 -> 0 | AT10: =AM10*$H$10 -> 0 | AU10: =AN10*$H$10 -> 0 | AV10: =AO10*$H$10 -> 0 | AW10: =AP10*$H$10 -> 0 | AX10: =SUM(AJ10:AP10) -> 0 | BE10: =AY10*$H$10 -> 0 | BF10: =AZ10*$H$10 -> 0 | BG10: =BA10*$H$10 -> 0 | BH10: =BB10*$H$10 -> 0 | BI10: =BC10*$H$10 -> 0 | BJ10: =BD10*$H$10 -> 0 | BK10: =Y10*$H$10 -> 0 | BL10: =Z10*$H$10 -> 0 | BM10: =AA10*$H$10 -> 0 | BN10: =AB10*$H$10 -> 0 | BO10: =AC10*$H$10 -> 0 | BP10: =AD10*$H$10 -> 0 | BQ10: =AE10*$H$10 -> 0 | BR10: =AF10*$H$10 -> 0 | ... BU10: =AI10*$H$10 -> 0
A11: 11096 | B11: Obsidian - XS Footholds | C11: Edges | D11: XS | F11: 10 | G11: 57.484 | H11: =SUM(I11:T11) -> 0 | U11: 0.428 | V11: =H11*U11 -> 0 | W11: =H11*G11 -> 0 | X11: =F11*H11 -> 0 | AQ11: =AJ11*$H$11 -> 0 | AR11: =AK11*$H$11 -> 0 | AS11: =AL11*$H$11 -> 0 | AT11: =AM11*$H$11 -> 0 | AU11: =AN11*$H$11 -> 0 | AV11: =AO11*$H$11 -> 0 | AW11: =AP11*$H$11 -> 0 | AX11: =SUM(AJ11:AP11) -> 0 | BE11: =AY11*$H$11 -> 0 | BF11: =AZ11*$H$11 -> 0 | BG11: =BA11*$H$11 -> 0 | BH11: =BB11*$H$11 -> 0 | BI11: =BC11*$H$11 -> 0 | BJ11: =BD11*$H$11 -> 0 | BK11: =Y11*$H$11 -> 0 | BL11: =Z11*$H$11 -> 0 | BM11: =AA11*$H$11 -> 0 | BN11: =AB11*$H$11 -> 0 | BO11: =AC11*$H$11 -> 0 | BP11: =AD11*$H$11 -> 0 | BQ11: =AE11*$H$11 -> 0 | BR11: =AF11*$H$11 -> 0 | ... BU11: =AI11*$H$11 -> 0
B12: Obsidian - Full Line | D12: - | E12: view | F12: =SUM(F2:F11) -> 58 | G12: =SUM(G2:G11) -> 1526.616 | H12: =SUM(I12:T12) -> 0 | U12: =SUM(U2:U11) -> 20.574 | V12: =H12*U12 -> 0 | W12: =H12*G12 -> 0 | X12: =F12*H12 -> 0 | AQ12: =AJ12*$H$12 -> 0 | AR12: =AK12*$H$12 -> 0 | AS12: =AL12*$H$12 -> 0 | AT12: =AM12*$H$12 -> 0 | AU12: =AN12*$H$12 -> 0 | AV12: =AO12*$H$12 -> 0 | AW12: =AP12*$H$12 -> 0 | AX12: =SUM(AJ12:AP12) -> 0 | BE12: =AY12*$H$12 -> 0 | BF12: =AZ12*$H$12 -> 0 | BG12: =BA12*$H$12 -> 0 | BH12: =BB12*$H$12 -> 0 | BI12: =BC12*$H$12 -> 0 | BJ12: =BD12*$H$12 -> 0 | BK12: =SUM($I12:$T12)*Y12 -> 0 | BL12: =SUM($I12:$T12)*Z12 -> 0 | BM12: =SUM($I12:$T12)*AA12 -> 0 | BN12: =SUM($I12:$T12)*AB12 -> 0 | BO12: =SUM($I12:$T12)*AC12 -> 0 | BP12: =SUM($I12:$T12)*AD12 -> 0 | BQ12: =SUM($I12:$T12)*AE12 -> 0 | BR12: =SUM($I12:$T12)*AF12 -> 0 | ... BU12: =SUM($I12:$T12)*AI12 -> 0
A13: 10852 | B13: Take it easy – L Jugs | C13: Jugs | D13: L | F13: 6 | G13: 160.3 | H13: =SUM(I13:T13) -> 0 | U13: 3.059 | V13: =H13*U13 -> 0 | W13: =H13*G13 -> 0 | X13: =F13*H13 -> 0 | AQ13: =AJ13*$H$13 -> 0 | AR13: =AK13*$H$13 -> 0 | AS13: =AL13*$H$13 -> 0 | AT13: =AM13*$H$13 -> 0 | AU13: =AN13*$H$13 -> 0 | AV13: =AO13*$H$13 -> 0 | AW13: =AP13*$H$13 -> 0 | AX13: =SUM(AJ13:AP13) -> 0 | BE13: =AY13*$H$13 -> 0 | BF13: =AZ13*$H$13 -> 0 | BG13: =BA13*$H$13 -> 0 | BH13: =BB13*$H$13 -> 0 | BI13: =BC13*$H$13 -> 0 | BJ13: =BD13*$H$13 -> 0 | BK13: =Y13*$H$13 -> 0 | BL13: =Z13*$H$13 -> 0 | BM13: =AA13*$H$13 -> 0 | BN13: =AB13*$H$13 -> 0 | BO13: =AC13*$H$13 -> 0 | BP13: =AD13*$H$13 -> 0 | BQ13: =AE13*$H$13 -> 0 | BR13: =AF13*$H$13 -> 0 | ... BU13: =AI13*$H$13 -> 0
A14: 10837 | B14: Take it easy – M Jugs | C14: Jugs | D14: M | F14: 30 | G14: 433.524 | H14: =SUM(I14:T14) -> 0 | U14: 7.126 | V14: =H14*U14 -> 0 | W14: =H14*G14 -> 0 | X14: =F14*H14 -> 0 | AQ14: =AJ14*$H$14 -> 0 | AR14: =AK14*$H$14 -> 0 | AS14: =AL14*$H$14 -> 0 | AT14: =AM14*$H$14 -> 0 | AU14: =AN14*$H$14 -> 0 | AV14: =AO14*$H$14 -> 0 | AW14: =AP14*$H$14 -> 0 | AX14: =SUM(AJ14:AP14) -> 0 | BE14: =AY14*$H$14 -> 0 | BF14: =AZ14*$H$14 -> 0 | BG14: =BA14*$H$14 -> 0 | BH14: =BB14*$H$14 -> 0 | BI14: =BC14*$H$14 -> 0 | BJ14: =BD14*$H$14 -> 0 | BK14: =Y14*$H$14 -> 0 | BL14: =Z14*$H$14 -> 0 | BM14: =AA14*$H$14 -> 0 | BN14: =AB14*$H$14 -> 0 | BO14: =AC14*$H$14 -> 0 | BP14: =AD14*$H$14 -> 0 | BQ14: =AE14*$H$14 -> 0 | BR14: =AF14*$H$14 -> 0 | ... BU14: =AI14*$H$14 -> 0
A15: 11022 | B15: Take it easy – S Jugs | C15: Jugs | D15: S | F15: 20 | G15: 225.764 | H15: =SUM(I15:T15) -> 0 | U15: 3.354 | V15: =H15*U15 -> 0 | W15: =H15*G15 -> 0 | X15: =F15*H15 -> 0 | AQ15: =AJ15*$H$15 -> 0 | AR15: =AK15*$H$15 -> 0 | AS15: =AL15*$H$15 -> 0 | AT15: =AM15*$H$15 -> 0 | AU15: =AN15*$H$15 -> 0 | AV15: =AO15*$H$15 -> 0 | AW15: =AP15*$H$15 -> 0 | AX15: =SUM(AJ15:AP15) -> 0 | BE15: =AY15*$H$15 -> 0 | BF15: =AZ15*$H$15 -> 0 | BG15: =BA15*$H$15 -> 0 | BH15: =BB15*$H$15 -> 0 | BI15: =BC15*$H$15 -> 0 | BJ15: =BD15*$H$15 -> 0 | BK15: =Y15*$H$15 -> 0 | BL15: =Z15*$H$15 -> 0 | BM15: =AA15*$H$15 -> 0 | BN15: =AB15*$H$15 -> 0 | BO15: =AC15*$H$15 -> 0 | BP15: =AD15*$H$15 -> 0 | BQ15: =AE15*$H$15 -> 0 | BR15: =AF15*$H$15 -> 0 | ... BU15: =AI15*$H$15 -> 0
A16: 10877 | B16: Take it easy – XL Jugs | C16: Jugs | D16: XL | F16: 4 | G16: 154.896 | H16: =SUM(I16:T16) -> 0 | U16: 3.101 | V16: =H16*U16 -> 0 | W16: =H16*G16 -> 0 | X16: =F16*H16 -> 0 | AQ16: =AJ16*$H$16 -> 0 | AR16: =AK16*$H$16 -> 0 | AS16: =AL16*$H$16 -> 0 | AT16: =AM16*$H$16 -> 0 | AU16: =AN16*$H$16 -> 0 | AV16: =AO16*$H$16 -> 0 | AW16: =AP16*$H$16 -> 0 | AX16: =SUM(AJ16:AP16) -> 0 | BE16: =AY16*$H$16 -> 0 | BF16: =AZ16*$H$16 -> 0 | BG16: =BA16*$H$16 -> 0 | BH16: =BB16*$H$16 -> 0 | BI16: =BC16*$H$16 -> 0 | BJ16: =BD16*$H$16 -> 0 | BK16: =Y16*$H$16 -> 0 | BL16: =Z16*$H$16 -> 0 | BM16: =AA16*$H$16 -> 0 | BN16: =AB16*$H$16 -> 0 | BO16: =AC16*$H$16 -> 0 | BP16: =AD16*$H$16 -> 0 | BQ16: =AE16*$H$16 -> 0 | BR16: =AF16*$H$16 -> 0 | ... BU16: =AI16*$H$16 -> 0
B17: Take it easy - Full Line | D17: - | E17: view | F17: =SUM(F13:F16) -> 60 | G17: =SUM(G13:G16) -> 974.484 | H17: =SUM(I17:T17) -> 0 | U17: =SUM(U13:U16) -> 16.64 | V17: =H17*U17 -> 0 | W17: =H17*G17 -> 0 | X17: =F17*H17 -> 0 | Y17: =SUM(Y13:Y16) -> 0 | Z17: =SUM(Z13:Z16) -> 0 | AA17: =SUM(AA13:AA16) -> 0 | AB17: =SUM(AB13:AB16) -> 0 | AC17: =SUM(AC13:AC16) -> 0 | AD17: =SUM(AD13:AD16) -> 0 | AE17: =SUM(AE13:AE16) -> 0 | AF17: =SUM(AF13:AF16) -> 0 | ... AP17: =SUM(AP13:AP16) -> 0 | AQ17: =AJ17*$H$17 -> 0 | AR17: =AK17*$H$17 -> 0 | AS17: =AL17*$H$17 -> 0 | AT17: =AM17*$H$17 -> 0 | AU17: =AN17*$H$17 -> 0 | AV17: =AO17*$H$17 -> 0 | AW17: =AP17*$H$17 -> 0 | AX17: =SUM(AJ17:AP17) -> 0 | AY17: =SUM(AY13:AY16) -> 0 | AZ17: =SUM(AZ13:AZ16) -> 0 | BA17: =SUM(BA13:BA16) -> 0 | BB17: =SUM(BB13:BB16) -> 0 | BC17: =SUM(BC13:BC16) -> 0 | BD17: =SUM(BD13:BD16) -> 0 | BE17: =AY17*$H$17 -> 0 | BF17: =AZ17*$H$17 -> 0 | BG17: =BA17*$H$17 -> 0 | BH17: =BB17*$H$17 -> 0 | BI17: =BC17*$H$17 -> 0 | BJ17: =BD17*$H$17 -> 0 | BK17: =SUM($I17:$T17)*Y17 -> 0 | BL17: =SUM($I17:$T17)*Z17 -> 0 | BM17: =SUM($I17:$T17)*AA17 -> 0 | BN17: =SUM($I17:$T17)*AB17 -> 0 | BO17: =SUM($I17:$T17)*AC17 -> 0 | BP17: =SUM($I17:$T17)*AD17 -> 0 | BQ17: =SUM($I17:$T17)*AE17 -> 0 | BR17: =SUM($I17:$T17)*AF17 -> 0 | ... BU17: =SUM($I17:$T17)*AI17 -> 0
A18: 10878 | B18: Petra - L Jugs | C18: Pinches | D18: Mega | F18: 8 | G18: 210 | H18: =SUM(I18:T18) -> 0 | U18: 4.036 | V18: =H18*U18 -> 0 | W18: =H18*G18 -> 0 | X18: =F18*H18 -> 0 | AQ18: =AJ18*$H$18 -> 0 | AR18: =AK18*$H$18 -> 0 | AS18: =AL18*$H$18 -> 0 | AT18: =AM18*$H$18 -> 0 | AU18: =AN18*$H$18 -> 0 | AV18: =AO18*$H$18 -> 0 | AW18: =AP18*$H$18 -> 0 | AX18: =SUM(AJ18:AP18) -> 0 | BE18: =AY18*$H$18 -> 0 | BF18: =AZ18*$H$18 -> 0 | BG18: =BA18*$H$18 -> 0 | BH18: =BB18*$H$18 -> 0 | BI18: =BC18*$H$18 -> 0 | BJ18: =BD18*$H$18 -> 0 | BK18: =Y18*$H$18 -> 0 | BL18: =Z18*$H$18 -> 0 | BM18: =AA18*$H$18 -> 0 | BN18: =AB18*$H$18 -> 0 | BO18: =AC18*$H$18 -> 0 | BP18: =AD18*$H$18 -> 0 | BQ18: =AE18*$H$18 -> 0 | BR18: =AF18*$H$18 -> 0 | ... BU18: =AI18*$H$18 -> 0
A19: 10835 | B19: Petra – M Edges | C19: Pinches | D19: Mega | F19: 12 | G19: 239.876 | H19: =SUM(I19:T19) -> 0 | U19: 4.293 | V19: =H19*U19 -> 0 | W19: =H19*G19 -> 0 | X19: =F19*H19 -> 0 | AQ19: =AJ19*$H$19 -> 0 | AR19: =AK19*$H$19 -> 0 | AS19: =AL19*$H$19 -> 0 | AT19: =AM19*$H$19 -> 0 | AU19: =AN19*$H$19 -> 0 | AV19: =AO19*$H$19 -> 0 | AW19: =AP19*$H$19 -> 0 | AX19: =SUM(AJ19:AP19) -> 0 | BE19: =AY19*$H$19 -> 0 | BF19: =AZ19*$H$19 -> 0 | BG19: =BA19*$H$19 -> 0 | BH19: =BB19*$H$19 -> 0 | BI19: =BC19*$H$19 -> 0 | BJ19: =BD19*$H$19 -> 0 | BK19: =Y19*$H$19 -> 0 | BL19: =Z19*$H$19 -> 0 | BM19: =AA19*$H$19 -> 0 | BN19: =AB19*$H$19 -> 0 | BO19: =AC19*$H$19 -> 0 | BP19: =AD19*$H$19 -> 0 | BQ19: =AE19*$H$19 -> 0 | BR19: =AF19*$H$19 -> 0 | ... BU19: =AI19*$H$19 -> 0
A20: 10827 | B20: Petra – M Pockets | C20: Slopers | D20: XL | F20: 8 | G20: 152.208 | H20: =SUM(I20:T20) -> 0 | U20: 2.726 | V20: =H20*U20 -> 0 | W20: =H20*G20 -> 0 | X20: =F20*H20 -> 0 | AQ20: =AJ20*$H$20 -> 0 | AR20: =AK20*$H$20 -> 0 | AS20: =AL20*$H$20 -> 0 | AT20: =AM20*$H$20 -> 0 | AU20: =AN20*$H$20 -> 0 | AV20: =AO20*$H$20 -> 0 | AW20: =AP20*$H$20 -> 0 | AX20: =SUM(AJ20:AP20) -> 0 | BE20: =AY20*$H$20 -> 0 | BF20: =AZ20*$H$20 -> 0 | BG20: =BA20*$H$20 -> 0 | BH20: =BB20*$H$20 -> 0 | BI20: =BC20*$H$20 -> 0 | BJ20: =BD20*$H$20 -> 0 | BK20: =Y20*$H$20 -> 0 | BL20: =Z20*$H$20 -> 0 | BM20: =AA20*$H$20 -> 0 | BN20: =AB20*$H$20 -> 0 | BO20: =AC20*$H$20 -> 0 | BP20: =AD20*$H$20 -> 0 | BQ20: =AE20*$H$20 -> 0 | BR20: =AF20*$H$20 -> 0 | ... BU20: =AI20*$H$20 -> 0
A21: 10876 | B21: Petra – Mega Pinch 1 | C21: Pockets | D21: M | F21: 1 | G21: 133.308 | H21: =SUM(I21:T21) -> 0 | U21: 2.128 | V21: =H21*U21 -> 0 | W21: =H21*G21 -> 0 | X21: =F21*H21 -> 0 | AQ21: =AJ21*$H$21 -> 0 | AR21: =AK21*$H$21 -> 0 | AS21: =AL21*$H$21 -> 0 | AT21: =AM21*$H$21 -> 0 | AU21: =AN21*$H$21 -> 0 | AV21: =AO21*$H$21 -> 0 | AW21: =AP21*$H$21 -> 0 | AX21: =SUM(AJ21:AP21) -> 0 | BE21: =AY21*$H$21 -> 0 | BF21: =AZ21*$H$21 -> 0 | BG21: =BA21*$H$21 -> 0 | BH21: =BB21*$H$21 -> 0 | BI21: =BC21*$H$21 -> 0 | BJ21: =BD21*$H$21 -> 0 | BK21: =Y21*$H$21 -> 0 | BL21: =Z21*$H$21 -> 0 | BM21: =AA21*$H$21 -> 0 | BN21: =AB21*$H$21 -> 0 | BO21: =AC21*$H$21 -> 0 | BP21: =AD21*$H$21 -> 0 | BQ21: =AE21*$H$21 -> 0 | BR21: =AF21*$H$21 -> 0 | ... BU21: =AI21*$H$21 -> 0
A22: 10909 | B22: Petra – Mega Pinch 2 | C22: Jugs | D22: XL | F22: 1 | G22: 131.768 | H22: =SUM(I22:T22) -> 0 | U22: 2.079 | V22: =H22*U22 -> 0 | W22: =H22*G22 -> 0 | X22: =F22*H22 -> 0 | AQ22: =AJ22*$H$22 -> 0 | AR22: =AK22*$H$22 -> 0 | AS22: =AL22*$H$22 -> 0 | AT22: =AM22*$H$22 -> 0 | AU22: =AN22*$H$22 -> 0 | AV22: =AO22*$H$22 -> 0 | AW22: =AP22*$H$22 -> 0 | AX22: =SUM(AJ22:AP22) -> 0 | BE22: =AY22*$H$22 -> 0 | BF22: =AZ22*$H$22 -> 0 | BG22: =BA22*$H$22 -> 0 | BH22: =BB22*$H$22 -> 0 | BI22: =BC22*$H$22 -> 0 | BJ22: =BD22*$H$22 -> 0 | BK22: =Y22*$H$22 -> 0 | BL22: =Z22*$H$22 -> 0 | BM22: =AA22*$H$22 -> 0 | BN22: =AB22*$H$22 -> 0 | BO22: =AC22*$H$22 -> 0 | BP22: =AD22*$H$22 -> 0 | BQ22: =AE22*$H$22 -> 0 | BR22: =AF22*$H$22 -> 0 | ... BU22: =AI22*$H$22 -> 0
A23: 10890 | B23: Petra – XL Jugs | C23: Jugs | D23: L | F23: 3 | G23: 121.996 | H23: =SUM(I23:T23) -> 0 | U23: 2.473 | V23: =H23*U23 -> 0 | W23: =H23*G23 -> 0 | X23: =F23*H23 -> 0 | AQ23: =AJ23*$H$23 -> 0 | AR23: =AK23*$H$23 -> 0 | AS23: =AL23*$H$23 -> 0 | AT23: =AM23*$H$23 -> 0 | AU23: =AN23*$H$23 -> 0 | AV23: =AO23*$H$23 -> 0 | AW23: =AP23*$H$23 -> 0 | AX23: =SUM(AJ23:AP23) -> 0 | BE23: =AY23*$H$23 -> 0 | BF23: =AZ23*$H$23 -> 0 | BG23: =BA23*$H$23 -> 0 | BH23: =BB23*$H$23 -> 0 | BI23: =BC23*$H$23 -> 0 | BJ23: =BD23*$H$23 -> 0 | BK23: =Y23*$H$23 -> 0 | BL23: =Z23*$H$23 -> 0 | BM23: =AA23*$H$23 -> 0 | BN23: =AB23*$H$23 -> 0 | BO23: =AC23*$H$23 -> 0 | BP23: =AD23*$H$23 -> 0 | BQ23: =AE23*$H$23 -> 0 | BR23: =AF23*$H$23 -> 0 | ... BU23: =AI23*$H$23 -> 0
A24: 12518 | B24: Petra – XL Slopers | C24: Edges | D24: M | F24: 3 | G24: 148.904 | H24: =SUM(I24:T24) -> 0 | U24: 1.935 | V24: =H24*U24 -> 0 | W24: =H24*G24 -> 0 | X24: =F24*H24 -> 0 | AQ24: =AJ24*$H$24 -> 0 | AR24: =AK24*$H$24 -> 0 | AS24: =AL24*$H$24 -> 0 | AT24: =AM24*$H$24 -> 0 | AU24: =AN24*$H$24 -> 0 | AV24: =AO24*$H$24 -> 0 | AW24: =AP24*$H$24 -> 0 | AX24: =SUM(AJ24:AP24) -> 0 | BE24: =AY24*$H$24 -> 0 | BF24: =AZ24*$H$24 -> 0 | BG24: =BA24*$H$24 -> 0 | BH24: =BB24*$H$24 -> 0 | BI24: =BC24*$H$24 -> 0 | BJ24: =BD24*$H$24 -> 0 | BK24: =Y24*$H$24 -> 0 | BL24: =Z24*$H$24 -> 0 | BM24: =AA24*$H$24 -> 0 | BN24: =AB24*$H$24 -> 0 | BO24: =AC24*$H$24 -> 0 | BP24: =AD24*$H$24 -> 0 | BQ24: =AE24*$H$24 -> 0 | BR24: =AF24*$H$24 -> 0 | ... BU24: =AI24*$H$24 -> 0
B25: Petra - Full Line | D25: - | E25: view | F25: =SUM(F18:F24) -> 36 | G25: =SUM(G18:G24) -> 1138.06 | H25: =SUM(I25:T25) -> 0 | U25: =SUM(U18:U24) -> 19.67 | V25: =H25*U25 -> 0 | W25: =H25*G25 -> 0 | X25: =F25*H25 -> 0 | Y25: =SUM(X18:X24) -> 0 | Z25: =SUM(Y18:Y24) -> 0 | AA25: =SUM(Z18:Z24) -> 0 | AB25: =SUM(AA18:AA24) -> 0 | AC25: =SUM(AB18:AB24) -> 0 | AD25: =SUM(AC18:AC24) -> 0 | AE25: =SUM(AD18:AD24) -> 0 | AF25: =SUM(AE18:AE24) -> 0 | ... AI25: =SUM(AH18:AH24) -> 0 | AJ25: =SUM(AJ18:AJ24) -> 0 | AK25: =SUM(AK18:AK24) -> 0 | AL25: =SUM(AL18:AL24) -> 0 | AM25: =SUM(AM18:AM24) -> 0 | AN25: =SUM(AN18:AN24) -> 0 | AO25: =SUM(AO18:AO24) -> 0 | AP25: =SUM(AP18:AP24) -> 0 | AQ25: =AJ25*$H$25 -> 0 | AR25: =AK25*$H$25 -> 0 | AS25: =AL25*$H$25 -> 0 | AT25: =AM25*$H$25 -> 0 | AU25: =AN25*$H$25 -> 0 | AV25: =AO25*$H$25 -> 0 | AW25: =AP25*$H$25 -> 0 | AX25: =SUM(AJ25:AP25) -> 0 | AY25: =SUM(AY18:AY24) -> 0 | AZ25: =SUM(AZ18:AZ24) -> 0 | BA25: =SUM(BA18:BA24) -> 0 | BB25: =SUM(BB18:BB24) -> 0 | BC25: =SUM(BC18:BC24) -> 0 | BD25: =SUM(BD18:BD24) -> 0 | BE25: =AY25*$H$25 -> 0 | BF25: =AZ25*$H$25 -> 0 | BG25: =BA25*$H$25 -> 0 | BH25: =BB25*$H$25 -> 0 | BI25: =BC25*$H$25 -> 0 | BJ25: =BD25*$H$25 -> 0 | BK25: =Y25*$H$25 -> 0 | BL25: =Z25*$H$25 -> 0 | BM25: =AA25*$H$25 -> 0 | BN25: =AB25*$H$25 -> 0 | BO25: =AC25*$H$25 -> 0 | BP25: =AD25*$H$25 -> 0 | BQ25: =AE25*$H$25 -> 0 | BR25: =AF25*$H$25 -> 0 | ... BU25: =AI25*$H$25 -> 0
A26: 17070 | B26: Rubble - Crimps S-M screw-on | C26: Edges | D26: S-M | F26: 10 | G26: 148.344 | H26: =SUM(I26:T26) -> 0 | U26: 2.461 | V26: =H26*U26 -> 0 | W26: =H26*G26 -> 0 | X26: =F26*H26 -> 0 | AQ26: =AJ26*$H$26 -> 0 | AR26: =AK26*$H$26 -> 0 | AS26: =AL26*$H$26 -> 0 | AT26: =AM26*$H$26 -> 0 | AU26: =AN26*$H$26 -> 0 | AV26: =AO26*$H$26 -> 0 | AW26: =AP26*$H$26 -> 0 | AX26: =SUM(AJ26:AP26) -> 0 | BE26: =AY26*$H$26 -> 0 | BF26: =AZ26*$H$26 -> 0 | BG26: =BA26*$H$26 -> 0 | BH26: =BB26*$H$26 -> 0 | BI26: =BC26*$H$26 -> 0 | BJ26: =BD26*$H$26 -> 0 | BK26: =Y26*$H$26 -> 0 | BL26: =Z26*$H$26 -> 0 | BM26: =AA26*$H$26 -> 0 | BN26: =AB26*$H$26 -> 0 | BO26: =AC26*$H$26 -> 0 | BP26: =AD26*$H$26 -> 0 | BQ26: =AE26*$H$26 -> 0 | BR26: =AF26*$H$26 -> 0 | ... BU26: =AI26*$H$26 -> 0
A27: 17284 | B27: Rubble – Edges/Pinches M/L | C27: Edges | D27: M-L | F27: 4 | G27: 144.704 | H27: =SUM(I27:T27) -> 0 | U27: 1.631 | V27: =H27*U27 -> 0 | W27: =H27*G27 -> 0 | X27: =F27*H27 -> 0 | AQ27: =AJ27*$H$27 -> 0 | AR27: =AK27*$H$27 -> 0 | AS27: =AL27*$H$27 -> 0 | AT27: =AM27*$H$27 -> 0 | AU27: =AN27*$H$27 -> 0 | AV27: =AO27*$H$27 -> 0 | AW27: =AP27*$H$27 -> 0 | AX27: =SUM(AJ27:AP27) -> 0 | BE27: =AY27*$H$27 -> 0 | BF27: =AZ27*$H$27 -> 0 | BG27: =BA27*$H$27 -> 0 | BH27: =BB27*$H$27 -> 0 | BI27: =BC27*$H$27 -> 0 | BJ27: =BD27*$H$27 -> 0 | BK27: =Y27*$H$27 -> 0 | BL27: =Z27*$H$27 -> 0 | BM27: =AA27*$H$27 -> 0 | BN27: =AB27*$H$27 -> 0 | BO27: =AC27*$H$27 -> 0 | BP27: =AD27*$H$27 -> 0 | BQ27: =AE27*$H$27 -> 0 | BR27: =AF27*$H$27 -> 0 | ... BU27: =AI27*$H$27 -> 0
A28: 17077 | B28: Rubble – Jibs screw-on | C28: Edges | D28: S | F28: 4 | G28: 44.128 | H28: =SUM(I28:T28) -> 0 | U28: 0.565 | V28: =H28*U28 -> 0 | W28: =H28*G28 -> 0 | X28: =F28*H28 -> 0 | AQ28: =AJ28*$H$28 -> 0 | AR28: =AK28*$H$28 -> 0 | AS28: =AL28*$H$28 -> 0 | AT28: =AM28*$H$28 -> 0 | AU28: =AN28*$H$28 -> 0 | AV28: =AO28*$H$28 -> 0 | AW28: =AP28*$H$28 -> 0 | AX28: =SUM(AJ28:AP28) -> 0 | BE28: =AY28*$H$28 -> 0 | BF28: =AZ28*$H$28 -> 0 | BG28: =BA28*$H$28 -> 0 | BH28: =BB28*$H$28 -> 0 | BI28: =BC28*$H$28 -> 0 | BJ28: =BD28*$H$28 -> 0 | BK28: =Y28*$H$28 -> 0 | BL28: =Z28*$H$28 -> 0 | BM28: =AA28*$H$28 -> 0 | BN28: =AB28*$H$28 -> 0 | BO28: =AC28*$H$28 -> 0 | BP28: =AD28*$H$28 -> 0 | BQ28: =AE28*$H$28 -> 0 | BR28: =AF28*$H$28 -> 0 | ... BU28: =AI28*$H$28 -> 0
A29: 17387 | B29: Rubble – Jugs L-XL | C29: Jugs | D29: L-XL | F29: 5 | G29: 292.32 | H29: =SUM(I29:T29) -> 0 | U29: 4.12 | V29: =H29*U29 -> 0 | W29: =H29*G29 -> 0 | X29: =F29*H29 -> 0 | AQ29: =AJ29*$H$29 -> 0 | AR29: =AK29*$H$29 -> 0 | AS29: =AL29*$H$29 -> 0 | AT29: =AM29*$H$29 -> 0 | AU29: =AN29*$H$29 -> 0 | AV29: =AO29*$H$29 -> 0 | AW29: =AP29*$H$29 -> 0 | AX29: =SUM(AJ29:AP29) -> 0 | BE29: =AY29*$H$29 -> 0 | BF29: =AZ29*$H$29 -> 0 | BG29: =BA29*$H$29 -> 0 | BH29: =BB29*$H$29 -> 0 | BI29: =BC29*$H$29 -> 0 | BJ29: =BD29*$H$29 -> 0 | BK29: =Y29*$H$29 -> 0 | BL29: =Z29*$H$29 -> 0 | BM29: =AA29*$H$29 -> 0 | BN29: =AB29*$H$29 -> 0 | BO29: =AC29*$H$29 -> 0 | BP29: =AD29*$H$29 -> 0 | BQ29: =AE29*$H$29 -> 0 | BR29: =AF29*$H$29 -> 0 | ... BU29: =AI29*$H$29 -> 0
A30: 17576 | B30: Rubble – Jugs M screw-on | C30: Jugs | D30: M | F30: 5 | G30: 144.984 | H30: =SUM(I30:T30) -> 0 | U30: 2.69 | V30: =H30*U30 -> 0 | W30: =H30*G30 -> 0 | X30: =F30*H30 -> 0 | AQ30: =AJ30*$H$30 -> 0 | AR30: =AK30*$H$30 -> 0 | AS30: =AL30*$H$30 -> 0 | AT30: =AM30*$H$30 -> 0 | AU30: =AN30*$H$30 -> 0 | AV30: =AO30*$H$30 -> 0 | AW30: =AP30*$H$30 -> 0 | AX30: =SUM(AJ30:AP30) -> 0 | BE30: =AY30*$H$30 -> 0 | BF30: =AZ30*$H$30 -> 0 | BG30: =BA30*$H$30 -> 0 | BH30: =BB30*$H$30 -> 0 | BI30: =BC30*$H$30 -> 0 | BJ30: =BD30*$H$30 -> 0 | BK30: =Y30*$H$30 -> 0 | BL30: =Z30*$H$30 -> 0 | BM30: =AA30*$H$30 -> 0 | BN30: =AB30*$H$30 -> 0 | BO30: =AC30*$H$30 -> 0 | BP30: =AD30*$H$30 -> 0 | BQ30: =AE30*$H$30 -> 0 | BR30: =AF30*$H$30 -> 0 | ... BU30: =AI30*$H$30 -> 0
A31: 18176 | B31: Rubble – L 1 | C31: Edges | D31: M | F31: 2 | G31: 68.6 | H31: =SUM(I31:T31) -> 0 | U31: 0.729 | V31: =H31*U31 -> 0 | W31: =H31*G31 -> 0 | X31: =F31*H31 -> 0 | AQ31: =AJ31*$H$31 -> 0 | AR31: =AK31*$H$31 -> 0 | AS31: =AL31*$H$31 -> 0 | AT31: =AM31*$H$31 -> 0 | AU31: =AN31*$H$31 -> 0 | AV31: =AO31*$H$31 -> 0 | AW31: =AP31*$H$31 -> 0 | AX31: =SUM(AJ31:AP31) -> 0 | BE31: =AY31*$H$31 -> 0 | BF31: =AZ31*$H$31 -> 0 | BG31: =BA31*$H$31 -> 0 | BH31: =BB31*$H$31 -> 0 | BI31: =BC31*$H$31 -> 0 | BJ31: =BD31*$H$31 -> 0 | BK31: =Y31*$H$31 -> 0 | BL31: =Z31*$H$31 -> 0 | BM31: =AA31*$H$31 -> 0 | BN31: =AB31*$H$31 -> 0 | BO31: =AC31*$H$31 -> 0 | BP31: =AD31*$H$31 -> 0 | BQ31: =AE31*$H$31 -> 0 | BR31: =AF31*$H$31 -> 0 | ... BU31: =AI31*$H$31 -> 0
A32: 17800 | B32: Rubble – M 1 | C32: Edges | D32: M | F32: 6 | G32: 92.26 | H32: =SUM(I32:T32) -> 0 | U32: 1.38 | V32: =H32*U32 -> 0 | W32: =H32*G32 -> 0 | X32: =F32*H32 -> 0 | AQ32: =AJ32*$H$32 -> 0 | AR32: =AK32*$H$32 -> 0 | AS32: =AL32*$H$32 -> 0 | AT32: =AM32*$H$32 -> 0 | AU32: =AN32*$H$32 -> 0 | AV32: =AO32*$H$32 -> 0 | AW32: =AP32*$H$32 -> 0 | AX32: =SUM(AJ32:AP32) -> 0 | BE32: =AY32*$H$32 -> 0 | BF32: =AZ32*$H$32 -> 0 | BG32: =BA32*$H$32 -> 0 | BH32: =BB32*$H$32 -> 0 | BI32: =BC32*$H$32 -> 0 | BJ32: =BD32*$H$32 -> 0 | BK32: =Y32*$H$32 -> 0 | BL32: =Z32*$H$32 -> 0 | BM32: =AA32*$H$32 -> 0 | BN32: =AB32*$H$32 -> 0 | BO32: =AC32*$H$32 -> 0 | BP32: =AD32*$H$32 -> 0 | BQ32: =AE32*$H$32 -> 0 | BR32: =AF32*$H$32 -> 0 | ... BU32: =AI32*$H$32 -> 0
A33: 17805 | B33: Rubble – M 2 | C33: Edges | D33: M | F33: 2 | G33: 46.032 | H33: =SUM(I33:T33) -> 0 | U33: 0.743 | V33: =H33*U33 -> 0 | W33: =H33*G33 -> 0 | X33: =F33*H33 -> 0 | AQ33: =AJ33*$H$33 -> 0 | AR33: =AK33*$H$33 -> 0 | AS33: =AL33*$H$33 -> 0 | AT33: =AM33*$H$33 -> 0 | AU33: =AN33*$H$33 -> 0 | AV33: =AO33*$H$33 -> 0 | AW33: =AP33*$H$33 -> 0 | AX33: =SUM(AJ33:AP33) -> 0 | BE33: =AY33*$H$33 -> 0 | BF33: =AZ33*$H$33 -> 0 | BG33: =BA33*$H$33 -> 0 | BH33: =BB33*$H$33 -> 0 | BI33: =BC33*$H$33 -> 0 | BJ33: =BD33*$H$33 -> 0 | BK33: =Y33*$H$33 -> 0 | BL33: =Z33*$H$33 -> 0 | BM33: =AA33*$H$33 -> 0 | BN33: =AB33*$H$33 -> 0 | BO33: =AC33*$H$33 -> 0 | BP33: =AD33*$H$33 -> 0 | BQ33: =AE33*$H$33 -> 0 | BR33: =AF33*$H$33 -> 0 | ... BU33: =AI33*$H$33 -> 0
A34: 18599 | B34: Rubble – M-L positive | C34: Edges | D34: M | F34: 5 | G34: 137.34 | H34: =SUM(I34:T34) -> 0 | U34: 1.27 | V34: =H34*U34 -> 0 | W34: =H34*G34 -> 0 | X34: =F34*H34 -> 0 | AQ34: =AJ34*$H$34 -> 0 | AR34: =AK34*$H$34 -> 0 | AS34: =AL34*$H$34 -> 0 | AT34: =AM34*$H$34 -> 0 | AU34: =AN34*$H$34 -> 0 | AV34: =AO34*$H$34 -> 0 | AW34: =AP34*$H$34 -> 0 | AX34: =SUM(AJ34:AP34) -> 0 | BE34: =AY34*$H$34 -> 0 | BF34: =AZ34*$H$34 -> 0 | BG34: =BA34*$H$34 -> 0 | BH34: =BB34*$H$34 -> 0 | BI34: =BC34*$H$34 -> 0 | BJ34: =BD34*$H$34 -> 0 | BK34: =Y34*$H$34 -> 0 | BL34: =Z34*$H$34 -> 0 | BM34: =AA34*$H$34 -> 0 | BN34: =AB34*$H$34 -> 0 | BO34: =AC34*$H$34 -> 0 | BP34: =AD34*$H$34 -> 0 | BQ34: =AE34*$H$34 -> 0 | BR34: =AF34*$H$34 -> 0 | ... BU34: =AI34*$H$34 -> 0
A35: 18638 | B35: Rubble – Mega | C35: Slopers | D35: Mega | F35: 2 | G35: 132.524 | H35: =SUM(I35:T35) -> 0 | U35: 1.864 | V35: =H35*U35 -> 0 | W35: =H35*G35 -> 0 | X35: =F35*H35 -> 0 | AQ35: =AJ35*$H$35 -> 0 | AR35: =AK35*$H$35 -> 0 | AS35: =AL35*$H$35 -> 0 | AT35: =AM35*$H$35 -> 0 | AU35: =AN35*$H$35 -> 0 | AV35: =AO35*$H$35 -> 0 | AW35: =AP35*$H$35 -> 0 | AX35: =SUM(AJ35:AP35) -> 0 | BE35: =AY35*$H$35 -> 0 | BF35: =AZ35*$H$35 -> 0 | BG35: =BA35*$H$35 -> 0 | BH35: =BB35*$H$35 -> 0 | BI35: =BC35*$H$35 -> 0 | BJ35: =BD35*$H$35 -> 0 | BK35: =Y35*$H$35 -> 0 | BL35: =Z35*$H$35 -> 0 | BM35: =AA35*$H$35 -> 0 | BN35: =AB35*$H$35 -> 0 | BO35: =AC35*$H$35 -> 0 | BP35: =AD35*$H$35 -> 0 | BQ35: =AE35*$H$35 -> 0 | BR35: =AF35*$H$35 -> 0 | ... BU35: =AI35*$H$35 -> 0
A36: 17798 | B36: Rubble – S 1 | C36: Footholds | D36: S | F36: 7 | G36: 54.712 | H36: =SUM(I36:T36) -> 0 | U36: 0.612 | V36: =H36*U36 -> 0 | W36: =H36*G36 -> 0 | X36: =F36*H36 -> 0 | AQ36: =AJ36*$H$36 -> 0 | AR36: =AK36*$H$36 -> 0 | AS36: =AL36*$H$36 -> 0 | AT36: =AM36*$H$36 -> 0 | AU36: =AN36*$H$36 -> 0 | AV36: =AO36*$H$36 -> 0 | AW36: =AP36*$H$36 -> 0 | AX36: =SUM(AJ36:AP36) -> 0 | BE36: =AY36*$H$36 -> 0 | BF36: =AZ36*$H$36 -> 0 | BG36: =BA36*$H$36 -> 0 | BH36: =BB36*$H$36 -> 0 | BI36: =BC36*$H$36 -> 0 | BJ36: =BD36*$H$36 -> 0 | BK36: =Y36*$H$36 -> 0 | BL36: =Z36*$H$36 -> 0 | BM36: =AA36*$H$36 -> 0 | BN36: =AB36*$H$36 -> 0 | BO36: =AC36*$H$36 -> 0 | BP36: =AD36*$H$36 -> 0 | BQ36: =AE36*$H$36 -> 0 | BR36: =AF36*$H$36 -> 0 | ... BU36: =AI36*$H$36 -> 0
A37: 17799 | B37: Rubble – S 2 | C37: Footholds | D37: S | F37: 5 | G37: 33.628 | H37: =SUM(I37:T37) -> 0 | U37: 0.28 | V37: =H37*U37 -> 0 | W37: =H37*G37 -> 0 | X37: =F37*H37 -> 0 | AQ37: =AJ37*$H$37 -> 0 | AR37: =AK37*$H$37 -> 0 | AS37: =AL37*$H$37 -> 0 | AT37: =AM37*$H$37 -> 0 | AU37: =AN37*$H$37 -> 0 | AV37: =AO37*$H$37 -> 0 | AW37: =AP37*$H$37 -> 0 | AX37: =SUM(AJ37:AP37) -> 0 | BE37: =AY37*$H$37 -> 0 | BF37: =AZ37*$H$37 -> 0 | BG37: =BA37*$H$37 -> 0 | BH37: =BB37*$H$37 -> 0 | BI37: =BC37*$H$37 -> 0 | BJ37: =BD37*$H$37 -> 0 | BK37: =Y37*$H$37 -> 0 | BL37: =Z37*$H$37 -> 0 | BM37: =AA37*$H$37 -> 0 | BN37: =AB37*$H$37 -> 0 | BO37: =AC37*$H$37 -> 0 | BP37: =AD37*$H$37 -> 0 | BQ37: =AE37*$H$37 -> 0 | BR37: =AF37*$H$37 -> 0 | ... BU37: =AI37*$H$37 -> 0
A38: 17806 | B38: Rubble – S 3 | C38: Footholds | D38: S | F38: 8 | G38: 54.656 | H38: =SUM(I38:T38) -> 0 | U38: 0.551 | V38: =H38*U38 -> 0 | W38: =H38*G38 -> 0 | X38: =F38*H38 -> 0 | AQ38: =AJ38*$H$38 -> 0 | AR38: =AK38*$H$38 -> 0 | AS38: =AL38*$H$38 -> 0 | AT38: =AM38*$H$38 -> 0 | AU38: =AN38*$H$38 -> 0 | AV38: =AO38*$H$38 -> 0 | AW38: =AP38*$H$38 -> 0 | AX38: =SUM(AJ38:AP38) -> 0 | BE38: =AY38*$H$38 -> 0 | BF38: =AZ38*$H$38 -> 0 | BG38: =BA38*$H$38 -> 0 | BH38: =BB38*$H$38 -> 0 | BI38: =BC38*$H$38 -> 0 | BJ38: =BD38*$H$38 -> 0 | BK38: =Y38*$H$38 -> 0 | BL38: =Z38*$H$38 -> 0 | BM38: =AA38*$H$38 -> 0 | BN38: =AB38*$H$38 -> 0 | BO38: =AC38*$H$38 -> 0 | BP38: =AD38*$H$38 -> 0 | BQ38: =AE38*$H$38 -> 0 | BR38: =AF38*$H$38 -> 0 | ... BU38: =AI38*$H$38 -> 0
A39: 17801 | B39: Rubble – S-M 2 screw-on | C39: Edges | D39: S-M | F39: 5 | G39: 47.012 | H39: =SUM(I39:T39) -> 0 | U39: 0.568 | V39: =H39*U39 -> 0 | W39: =H39*G39 -> 0 | X39: =F39*H39 -> 0 | AQ39: =AJ39*$H$39 -> 0 | AR39: =AK39*$H$39 -> 0 | AS39: =AL39*$H$39 -> 0 | AT39: =AM39*$H$39 -> 0 | AU39: =AN39*$H$39 -> 0 | AV39: =AO39*$H$39 -> 0 | AW39: =AP39*$H$39 -> 0 | AX39: =SUM(AJ39:AP39) -> 0 | BE39: =AY39*$H$39 -> 0 | BF39: =AZ39*$H$39 -> 0 | BG39: =BA39*$H$39 -> 0 | BH39: =BB39*$H$39 -> 0 | BI39: =BC39*$H$39 -> 0 | BJ39: =BD39*$H$39 -> 0 | BK39: =Y39*$H$39 -> 0 | BL39: =Z39*$H$39 -> 0 | BM39: =AA39*$H$39 -> 0 | BN39: =AB39*$H$39 -> 0 | BO39: =AC39*$H$39 -> 0 | BP39: =AD39*$H$39 -> 0 | BQ39: =AE39*$H$39 -> 0 | BR39: =AF39*$H$39 -> 0 | ... BU39: =AI39*$H$39 -> 0
A40: 17807 | B40: Rubble – S-M 3 screw-on | C40: Edges | D40: S-M | F40: 6 | G40: 49.392 | H40: =SUM(I40:T40) -> 0 | U40: 0.558 | V40: =H40*U40 -> 0 | W40: =H40*G40 -> 0 | X40: =F40*H40 -> 0 | AQ40: =AJ40*$H$40 -> 0 | AR40: =AK40*$H$40 -> 0 | AS40: =AL40*$H$40 -> 0 | AT40: =AM40*$H$40 -> 0 | AU40: =AN40*$H$40 -> 0 | AV40: =AO40*$H$40 -> 0 | AW40: =AP40*$H$40 -> 0 | AX40: =SUM(AJ40:AP40) -> 0 | BE40: =AY40*$H$40 -> 0 | BF40: =AZ40*$H$40 -> 0 | BG40: =BA40*$H$40 -> 0 | BH40: =BB40*$H$40 -> 0 | BI40: =BC40*$H$40 -> 0 | BJ40: =BD40*$H$40 -> 0 | BK40: =Y40*$H$40 -> 0 | BL40: =Z40*$H$40 -> 0 | BM40: =AA40*$H$40 -> 0 | BN40: =AB40*$H$40 -> 0 | BO40: =AC40*$H$40 -> 0 | BP40: =AD40*$H$40 -> 0 | BQ40: =AE40*$H$40 -> 0 | BR40: =AF40*$H$40 -> 0 | ... BU40: =AI40*$H$40 -> 0
A41: 17181 | B41: Rubble – Slopers XL | C41: Slopers | D41: XL | F41: 2 | G41: 152.404 | H41: =SUM(I41:T41) -> 0 | U41: 2.228 | V41: =H41*U41 -> 0 | W41: =H41*G41 -> 0 | X41: =F41*H41 -> 0 | AQ41: =AJ41*$H$41 -> 0 | AR41: =AK41*$H$41 -> 0 | AS41: =AL41*$H$41 -> 0 | AT41: =AM41*$H$41 -> 0 | AU41: =AN41*$H$41 -> 0 | AV41: =AO41*$H$41 -> 0 | AW41: =AP41*$H$41 -> 0 | AX41: =SUM(AJ41:AP41) -> 0
A42: 17180 | B42: Rubble – Slopers XL 2 | C42: Slopers | D42: XL | F42: 2 | G42: 110.068 | H42: =SUM(I42:T42) -> 0 | U42: 1.454 | V42: =H42*U42 -> 0 | W42: =H42*G42 -> 0 | X42: =F42*H42 -> 0
A43: 18209 | B43: Rubble – Slopers XL 3 | C43: Slopers | D43: XL | F43: 2 | G43: 114.828 | H43: =SUM(I43:T43) -> 0 | U43: 1.541 | V43: =H43*U43 -> 0 | W43: =H43*G43 -> 0 | X43: =F43*H43 -> 0
A44: 17283 | B44: Rubble – Slopers XL-Mega | C44: Slopers | D44: XL-Mega | F44: 4 | G44: 210.336 | H44: =SUM(I44:T44) -> 0 | U44: 2.83 | V44: =H44*U44 -> 0 | W44: =H44*G44 -> 0 | X44: =F44*H44 -> 0
A45: 17802 | B45: Rubble – XS-S | C45: Footholds | D45: XS-S | F45: 6 | G45: 41.692 | H45: =SUM(I45:T45) -> 0 | U45: 0.393 | V45: =H45*U45 -> 0 | W45: =H45*G45 -> 0 | X45: =F45*H45 -> 0
B46: Rubble - Full Line NEW | D46: - | F46: =SUM(F26:F45) -> 92 | G46: =SUM(G26:G41) -> 1643.04 | H46: =SUM(I46:T46) -> 0 | U46: =SUM(U26:U45) -> 28.468 | V46: =H46*U46 -> 0 | W46: =H46*G46 -> 0 | X46: =F46*H46 -> 0 | Y46: =SUM(Y26:Y45) -> 0 | Z46: =SUM(Z26:Z45) -> 0 | AA46: =SUM(AA26:AA45) -> 0 | AB46: =SUM(AB26:AB45) -> 0 | AC46: =SUM(AC26:AC45) -> 0 | AD46: =SUM(AD26:AD45) -> 0 | AE46: =SUM(AE26:AE45) -> 0 | AF46: =SUM(AF26:AF45) -> 0 | ... AJ46: =SUM(AJ26:AJ45) -> 0 | AK46: =SUM(AK26:AK41) -> 0 | AL46: =SUM(AL26:AL41) -> 0 | AM46: =SUM(AM26:AM41) -> 0 | AN46: =SUM(AN26:AN41) -> 0 | AO46: =SUM(AO26:AO41) -> 0 | AP46: =SUM(AP26:AP41) -> 0 | AQ46: =AJ46*$H$46 -> 0 | AR46: =AK46*$H$46 -> 0 | AS46: =AL46*$H$46 -> 0 | AT46: =AM46*$H$46 -> 0 | AU46: =AN46*$H$46 -> 0 | AV46: =AO46*$H$46 -> 0 | AW46: =AP46*$H$46 -> 0 | AX46: =SUM(AJ46:AP46) -> 0 | AY46: =SUM(AY26:AY45) -> 0 | AZ46: =SUM(AZ26:AZ45) -> 0 | BA46: =SUM(BA26:BA45) -> 0 | BB46: =SUM(BB26:BB45) -> 0 | BC46: =SUM(BC26:BC45) -> 0 | BD46: =SUM(BD26:BD45) -> 0 | BE46: =AY46*$H$46 -> 0 | BF46: =AZ46*$H$46 -> 0 | BG46: =BA46*$H$46 -> 0 | BH46: =BB46*$H$46 -> 0 | BI46: =BC46*$H$46 -> 0 | BJ46: =BD46*$H$46 -> 0 | BK46: =Y46*$H$46 -> 0 | BL46: =Z46*$H$46 -> 0 | BM46: =AA46*$H$46 -> 0 | BN46: =AB46*$H$46 -> 0 | BO46: =AC46*$H$46 -> 0 | BP46: =AD46*$H$46 -> 0 | BQ46: =AE46*$H$46 -> 0 | BR46: =AF46*$H$46 -> 0 | ... BU46: =AI46*$H$46 -> 0
A47: 11842 | B47: Titans - M Edges | C47: Edges | D47: M | F47: 5 | G47: 132 | H47: =SUM(I47:T47) -> 0 | U47: 2.45 | V47: =H47*U47 -> 0 | W47: =H47*G47 -> 0 | X47: =F47*H47 -> 0 | AQ47: =AJ47*$H$47 -> 0 | AR47: =AK47*$H$47 -> 0 | AS47: =AL47*$H$47 -> 0 | AT47: =AM47*$H$47 -> 0 | AU47: =AN47*$H$47 -> 0 | AV47: =AO47*$H$47 -> 0 | AW47: =AP47*$H$47 -> 0 | AX47: =SUM(AJ47:AP47) -> 0 | BE47: =AY47*$H$47 -> 0 | BF47: =AZ47*$H$47 -> 0 | BG47: =BA47*$H$47 -> 0 | BH47: =BB47*$H$47 -> 0 | BI47: =BC47*$H$47 -> 0 | BJ47: =BD47*$H$47 -> 0 | BK47: =Y47*$H$47 -> 0 | BL47: =Z47*$H$47 -> 0 | BM47: =AA47*$H$47 -> 0 | BN47: =AB47*$H$47 -> 0 | BO47: =AC47*$H$47 -> 0 | BP47: =AD47*$H$47 -> 0 | BQ47: =AE47*$H$47 -> 0 | BR47: =AF47*$H$47 -> 0 | ... BU47: =AI47*$H$47 -> 0
A48: 12683 | B48: Titans-L Pinches | C48: Pinches | D48: L | F48: 5 | G48: 199 | H48: =SUM(I48:T48) -> 0 | U48: 2.32 | V48: =H48*U48 -> 0 | W48: =H48*G48 -> 0 | X48: =F48*H48 -> 0 | AQ48: =AJ48*$H$48 -> 0 | AR48: =AK48*$H$48 -> 0 | AS48: =AL48*$H$48 -> 0 | AT48: =AM48*$H$48 -> 0 | AU48: =AN48*$H$48 -> 0 | AV48: =AO48*$H$48 -> 0 | AW48: =AP48*$H$48 -> 0 | AX48: =SUM(AJ48:AP48) -> 0 | BE48: =AY48*$H$48 -> 0 | BF48: =AZ48*$H$48 -> 0 | BG48: =BA48*$H$48 -> 0 | BH48: =BB48*$H$48 -> 0 | BI48: =BC48*$H$48 -> 0 | BJ48: =BD48*$H$48 -> 0 | BK48: =Y48*$H$48 -> 0 | BL48: =Z48*$H$48 -> 0 | BM48: =AA48*$H$48 -> 0 | BN48: =AB48*$H$48 -> 0 | BO48: =AC48*$H$48 -> 0 | BP48: =AD48*$H$48 -> 0 | BQ48: =AE48*$H$48 -> 0 | BR48: =AF48*$H$48 -> 0 | ... BU48: =AI48*$H$48 -> 0
A49: 18222 | B49: Titans-Mega Pinches | C49: Pinches | D49: Mega | F49: 4 | G49: 170 | H49: =SUM(I49:T49) -> 0 | U49: 4.49 | V49: =H49*U49 -> 0 | W49: =H49*G49 -> 0 | X49: =F49*H49 -> 0 | AQ49: =AJ49*$H$49 -> 0 | AR49: =AK49*$H$49 -> 0 | AS49: =AL49*$H$49 -> 0 | AT49: =AM49*$H$49 -> 0 | AU49: =AN49*$H$49 -> 0 | AV49: =AO49*$H$49 -> 0 | AW49: =AP49*$H$49 -> 0 | AX49: =SUM(AJ49:AP49) -> 0 | BE49: =AY49*$H$49 -> 0 | BF49: =AZ49*$H$49 -> 0 | BG49: =BA49*$H$49 -> 0 | BH49: =BB49*$H$49 -> 0 | BI49: =BC49*$H$49 -> 0 | BJ49: =BD49*$H$49 -> 0 | BK49: =Y49*$H$49 -> 0 | BL49: =Z49*$H$49 -> 0 | BM49: =AA49*$H$49 -> 0 | BN49: =AB49*$H$49 -> 0 | BO49: =AC49*$H$49 -> 0 | BP49: =AD49*$H$49 -> 0 | BQ49: =AE49*$H$49 -> 0 | BR49: =AF49*$H$49 -> 0 | ... BU49: =AI49*$H$49 -> 0
A50: 12394 | B50: Titans-Mega Slopers | C50: Slopers | D50: Mega | F50: 2 | G50: 26.5 | H50: =SUM(I50:T50) -> 0 | U50: 1.454 | V50: =H50*U50 -> 0 | W50: =H50*G50 -> 0 | X50: =F50*H50 -> 0 | AQ50: =AJ50*$H$50 -> 0 | AR50: =AK50*$H$50 -> 0 | AS50: =AL50*$H$50 -> 0 | AT50: =AM50*$H$50 -> 0 | AU50: =AN50*$H$50 -> 0 | AV50: =AO50*$H$50 -> 0 | AW50: =AP50*$H$50 -> 0 | AX50: =SUM(AJ50:AP50) -> 0 | BE50: =AY50*$H$50 -> 0 | BF50: =AZ50*$H$50 -> 0 | BG50: =BA50*$H$50 -> 0 | BH50: =BB50*$H$50 -> 0 | BI50: =BC50*$H$50 -> 0 | BJ50: =BD50*$H$50 -> 0 | BK50: =Y50*$H$50 -> 0 | BL50: =Z50*$H$50 -> 0 | BM50: =AA50*$H$50 -> 0 | BN50: =AB50*$H$50 -> 0 | BO50: =AC50*$H$50 -> 0 | BP50: =AD50*$H$50 -> 0 | BQ50: =AE50*$H$50 -> 0 | BR50: =AF50*$H$50 -> 0 | ... BU50: =AI50*$H$50 -> 0
A51: 12393 | B51: Titans-Volume 1 | C51: Pinches | D51: Giga | F51: 1 | G51: 148 | H51: =SUM(I51:T51) -> 0 | U51: 1.189 | V51: =H51*U51 -> 0 | W51: =H51*G51 -> 0 | X51: =F51*H51 -> 0 | AQ51: =AJ51*$H$51 -> 0 | AR51: =AK51*$H$51 -> 0 | AS51: =AL51*$H$51 -> 0 | AT51: =AM51*$H$51 -> 0 | AU51: =AN51*$H$51 -> 0 | AV51: =AO51*$H$51 -> 0 | AW51: =AP51*$H$51 -> 0 | AX51: =SUM(AJ51:AP51) -> 0 | BE51: =AY51*$H$51 -> 0 | BF51: =AZ51*$H$51 -> 0 | BG51: =BA51*$H$51 -> 0 | BH51: =BB51*$H$51 -> 0 | BI51: =BC51*$H$51 -> 0 | BJ51: =BD51*$H$51 -> 0 | BK51: =Y51*$H$51 -> 0 | BL51: =Z51*$H$51 -> 0 | BM51: =AA51*$H$51 -> 0 | BN51: =AB51*$H$51 -> 0 | BO51: =AC51*$H$51 -> 0 | BP51: =AD51*$H$51 -> 0 | BQ51: =AE51*$H$51 -> 0 | BR51: =AF51*$H$51 -> 0 | ... BU51: =AI51*$H$51 -> 0
A52: 12218 | B52: Titans-Volume 2 | C52: Pinches | D52: Giga | F52: 1 | G52: 104.9 | H52: =SUM(I52:T52) -> 0 | U52: 1.467 | V52: =H52*U52 -> 0 | W52: =H52*G52 -> 0 | X52: =F52*H52 -> 0 | AQ52: =AJ52*$H$52 -> 0 | AR52: =AK52*$H$52 -> 0 | AS52: =AL52*$H$52 -> 0 | AT52: =AM52*$H$52 -> 0 | AU52: =AN52*$H$52 -> 0 | AV52: =AO52*$H$52 -> 0 | AW52: =AP52*$H$52 -> 0 | AX52: =SUM(AJ52:AP52) -> 0 | BE52: =AY52*$H$52 -> 0 | BF52: =AZ52*$H$52 -> 0 | BG52: =BA52*$H$52 -> 0 | BH52: =BB52*$H$52 -> 0 | BI52: =BC52*$H$52 -> 0 | BJ52: =BD52*$H$52 -> 0 | BK52: =Y52*$H$52 -> 0 | BL52: =Z52*$H$52 -> 0 | BM52: =AA52*$H$52 -> 0 | BN52: =AB52*$H$52 -> 0 | BO52: =AC52*$H$52 -> 0 | BP52: =AD52*$H$52 -> 0 | BQ52: =AE52*$H$52 -> 0 | BR52: =AF52*$H$52 -> 0 | ... BU52: =AI52*$H$52 -> 0
A53: 12216 | B53: Titans-Volume 3 | C53: Slopers | D53: Giga | F53: 1 | G53: 78.9 | H53: =SUM(I53:T53) -> 0 | U53: 1.553 | V53: =H53*U53 -> 0 | W53: =H53*G53 -> 0 | X53: =F53*H53 -> 0 | AQ53: =AJ53*$H$53 -> 0 | AR53: =AK53*$H$53 -> 0 | AS53: =AL53*$H$53 -> 0 | AT53: =AM53*$H$53 -> 0 | AU53: =AN53*$H$53 -> 0 | AV53: =AO53*$H$53 -> 0 | AW53: =AP53*$H$53 -> 0 | AX53: =SUM(AJ53:AP53) -> 0 | BE53: =AY53*$H$53 -> 0 | BF53: =AZ53*$H$53 -> 0 | BG53: =BA53*$H$53 -> 0 | BH53: =BB53*$H$53 -> 0 | BI53: =BC53*$H$53 -> 0 | BJ53: =BD53*$H$53 -> 0 | BK53: =Y53*$H$53 -> 0 | BL53: =Z53*$H$53 -> 0 | BM53: =AA53*$H$53 -> 0 | BN53: =AB53*$H$53 -> 0 | BO53: =AC53*$H$53 -> 0 | BP53: =AD53*$H$53 -> 0 | BQ53: =AE53*$H$53 -> 0 | BR53: =AF53*$H$53 -> 0 | ... BU53: =AI53*$H$53 -> 0
A54: 12217 | B54: Titans-Volume 4 | C54: Slopers | D54: Giga | F54: 1 | G54: 97.6 | H54: =SUM(I54:T54) -> 0 | U54: 1.218 | V54: =H54*U54 -> 0 | W54: =H54*G54 -> 0 | X54: =F54*H54 -> 0 | AQ54: =AJ54*$H$54 -> 0 | AR54: =AK54*$H$54 -> 0 | AS54: =AL54*$H$54 -> 0 | AT54: =AM54*$H$54 -> 0 | AU54: =AN54*$H$54 -> 0 | AV54: =AO54*$H$54 -> 0 | AW54: =AP54*$H$54 -> 0 | AX54: =SUM(AJ54:AP54) -> 0 | BE54: =AY54*$H$54 -> 0 | BF54: =AZ54*$H$54 -> 0 | BG54: =BA54*$H$54 -> 0 | BH54: =BB54*$H$54 -> 0 | BI54: =BC54*$H$54 -> 0 | BJ54: =BD54*$H$54 -> 0 | BK54: =Y54*$H$54 -> 0 | BL54: =Z54*$H$54 -> 0 | BM54: =AA54*$H$54 -> 0 | BN54: =AB54*$H$54 -> 0 | BO54: =AC54*$H$54 -> 0 | BP54: =AD54*$H$54 -> 0 | BQ54: =AE54*$H$54 -> 0 | BR54: =AF54*$H$54 -> 0 | ... BU54: =AI54*$H$54 -> 0
A55: 12395 | B55: Titans-XL-Mega Edges/Slopers | C55: Slopers | D55: XL-Mega | F55: 3 | G55: 76 | H55: =SUM(I55:T55) -> 0 | U55: 2.01 | V55: =H55*U55 -> 0 | W55: =H55*G55 -> 0 | X55: =F55*H55 -> 0 | AQ55: =AJ55*$H$55 -> 0 | AR55: =AK55*$H$55 -> 0 | AS55: =AL55*$H$55 -> 0 | AT55: =AM55*$H$55 -> 0 | AU55: =AN55*$H$55 -> 0 | AV55: =AO55*$H$55 -> 0 | AW55: =AP55*$H$55 -> 0 | AX55: =SUM(AJ55:AP55) -> 0 | BE55: =AY55*$H$55 -> 0 | BF55: =AZ55*$H$55 -> 0 | BG55: =BA55*$H$55 -> 0 | BH55: =BB55*$H$55 -> 0 | BI55: =BC55*$H$55 -> 0 | BJ55: =BD55*$H$55 -> 0 | BK55: =Y55*$H$55 -> 0 | BL55: =Z55*$H$55 -> 0 | BM55: =AA55*$H$55 -> 0 | BN55: =AB55*$H$55 -> 0 | BO55: =AC55*$H$55 -> 0 | BP55: =AD55*$H$55 -> 0 | BQ55: =AE55*$H$55 -> 0 | BR55: =AF55*$H$55 -> 0 | ... BU55: =AI55*$H$55 -> 0
A56: 11794 | B56: XS-S Footholds Scr-On | C56: Footholds | D56: XS | F56: 5 | G56: 92 | H56: =SUM(I56:T56) -> 0 | U56: 0.315 | V56: =H56*U56 -> 0 | W56: =H56*G56 -> 0 | X56: =F56*H56 -> 0 | AQ56: =AJ56*$H$56 -> 0 | AR56: =AK56*$H$56 -> 0 | AS56: =AL56*$H$56 -> 0 | AT56: =AM56*$H$56 -> 0 | AU56: =AN56*$H$56 -> 0 | AV56: =AO56*$H$56 -> 0 | AW56: =AP56*$H$56 -> 0 | AX56: =SUM(AJ56:AP56) -> 0 | BE56: =AY56*$H$56 -> 0 | BF56: =AZ56*$H$56 -> 0 | BG56: =BA56*$H$56 -> 0 | BH56: =BB56*$H$56 -> 0 | BI56: =BC56*$H$56 -> 0 | BJ56: =BD56*$H$56 -> 0 | BK56: =Y56*$H$56 -> 0 | BL56: =Z56*$H$56 -> 0 | BM56: =AA56*$H$56 -> 0 | BN56: =AB56*$H$56 -> 0 | BO56: =AC56*$H$56 -> 0 | BP56: =AD56*$H$56 -> 0 | BQ56: =AE56*$H$56 -> 0 | BR56: =AF56*$H$56 -> 0 | ... BU56: =AI56*$H$56 -> 0
B57: Titans - Full Line | E57: view | F57: =SUM(F47:F56) -> 28 | G57: =SUM(G47:G56) -> 1124.9 | H57: =SUM(I57:T57) -> 0 | U57: =SUM(U47:U56) -> 18.466 | V57: =H57*U57 -> 0 | W57: =H57*G57 -> 0 | X57: =F57*H57 -> 0 | Y57: =SUM(Y47:Y56) -> 0 | Z57: =SUM(Z47:Z56) -> 0 | AA57: =SUM(AA47:AA56) -> 0 | AB57: =SUM(AB47:AB56) -> 0 | AC57: =SUM(AC47:AC56) -> 0 | AD57: =SUM(AD47:AD56) -> 0 | AE57: =SUM(AE47:AE56) -> 0 | AF57: =SUM(AF47:AF56) -> 0 | ... AJ57: =SUM(AJ47:AJ56) -> 0 | AQ57: =AJ57*$H$54 -> 0 | AR57: =AK57*$H$54 -> 0 | AS57: =AL57*$H$54 -> 0 | AT57: =AM57*$H$54 -> 0 | AU57: =AN57*$H$54 -> 0 | AV57: =AO57*$H$54 -> 0 | AW57: =AP57*$H$54 -> 0 | AX57: =SUM(AJ57:AP57) -> 0 | AY57: =SUM(AY47:AY56) -> 0 | AZ57: =SUM(AZ47:AZ56) -> 0 | BA57: =SUM(BA47:BA56) -> 0 | BB57: =SUM(BB47:BB56) -> 0 | BC57: =SUM(BC47:BC56) -> 0 | BD57: =SUM(BD47:BD56) -> 0 | BE57: =AY57*$H$54 -> 0 | BF57: =AZ57*$H$54 -> 0 | BG57: =BA57*$H$54 -> 0 | BH57: =BB57*$H$54 -> 0 | BI57: =BC57*$H$54 -> 0 | BJ57: =BD57*$H$54 -> 0 | BK57: =Y57*$H$57 -> 0 | BL57: =Z57*$H$54 -> 0 | BM57: =AA57*$H$54 -> 0 | BN57: =AB57*$H$54 -> 0 | BO57: =AC57*$H$54 -> 0 | BP57: =AD57*$H$54 -> 0 | BQ57: =AE57*$H$54 -> 0 | BR57: =AF57*$H$54 -> 0 | BS57: =AG57*$H$54 -> 0 | ... BU57: =AI57*$H$54 -> 0
A58: 15233 | B58: Titans II - Mega 1 | C58: Slopers | D58: Mega | F58: 3 | G58: 308.336 | H58: =SUM(I58:T58) -> 0 | U58: 4.87 | V58: =H58*U58 -> 0 | W58: =H58*G58 -> 0 | X58: =F58*H58 -> 0 | AQ58: =AJ58*$H$58 -> 0 | AR58: =AK58*$H$58 -> 0 | AS58: =AL58*$H$58 -> 0 | AT58: =AM58*$H$58 -> 0 | AU58: =AN58*$H$58 -> 0 | AV58: =AO58*$H$58 -> 0 | AW58: =AP58*$H$58 -> 0 | AX58: =SUM(AJ58:AP58) -> 0 | BE58: =AY58*$H$58 -> 0 | BF58: =AZ58*$H$58 -> 0 | BG58: =BA58*$H$58 -> 0 | BH58: =BB58*$H$58 -> 0 | BI58: =BC58*$H$58 -> 0 | BJ58: =BD58*$H$58 -> 0 | BK58: =Y58*$H$58 -> 0 | BL58: =Z58*$H$58 -> 0 | BM58: =AA58*$H$58 -> 0 | BN58: =AB58*$H$58 -> 0 | BO58: =AC58*$H$58 -> 0 | BP58: =AD58*$H$58 -> 0 | BQ58: =AE58*$H$58 -> 0 | BR58: =AF58*$H$58 -> 0 | ... BU58: =AI58*$H$58 -> 0
A59: 15159 | B59: Titans II - Mega 2 | C59: Slopers | D59: Mega | F59: 3 | G59: 263.032 | H59: =SUM(I59:T59) -> 0 | U59: 4.042 | V59: =H59*U59 -> 0 | W59: =H59*G59 -> 0 | X59: =F59*H59 -> 0 | AQ59: =AJ59*$H$59 -> 0 | AR59: =AK59*$H$59 -> 0 | AS59: =AL59*$H$59 -> 0 | AT59: =AM59*$H$59 -> 0 | AU59: =AN59*$H$59 -> 0 | AV59: =AO59*$H$59 -> 0 | AW59: =AP59*$H$59 -> 0 | AX59: =SUM(AJ59:AP59) -> 0 | BE59: =AY59*$H$59 -> 0 | BF59: =AZ59*$H$59 -> 0 | BG59: =BA59*$H$59 -> 0 | BH59: =BB59*$H$59 -> 0 | BI59: =BC59*$H$59 -> 0 | BJ59: =BD59*$H$59 -> 0 | BK59: =Y59*$H$59 -> 0 | BL59: =Z59*$H$59 -> 0 | BM59: =AA59*$H$59 -> 0 | BN59: =AB59*$H$59 -> 0 | BO59: =AC59*$H$59 -> 0 | BP59: =AD59*$H$59 -> 0 | BQ59: =AE59*$H$59 -> 0 | BR59: =AF59*$H$59 -> 0 | ... BU59: =AI59*$H$59 -> 0
A60: 15283 | B60: Titans II – Giga 1 | C60: Slopers | D60: Giga | F60: 4 | G60: 116.536 | H60: =SUM(I60:T60) -> 0 | U60: 1.821 | V60: =H60*U60 -> 0 | W60: =H60*G60 -> 0 | X60: =F60*H60 -> 0 | AQ60: =AJ60*$H$60 -> 0 | AR60: =AK60*$H$60 -> 0 | AS60: =AL60*$H$60 -> 0 | AT60: =AM60*$H$60 -> 0 | AU60: =AN60*$H$60 -> 0 | AV60: =AO60*$H$60 -> 0 | AW60: =AP60*$H$60 -> 0 | AX60: =SUM(AJ60:AP60) -> 0 | BE60: =AY60*$H$60 -> 0 | BF60: =AZ60*$H$60 -> 0 | BG60: =BA60*$H$60 -> 0 | BH60: =BB60*$H$60 -> 0 | BI60: =BC60*$H$60 -> 0 | BJ60: =BD60*$H$60 -> 0 | BK60: =Y60*$H$60 -> 0 | BL60: =Z60*$H$60 -> 0 | BM60: =AA60*$H$60 -> 0 | BN60: =AB60*$H$60 -> 0 | BO60: =AC60*$H$60 -> 0 | BP60: =AD60*$H$60 -> 0 | BQ60: =AE60*$H$60 -> 0 | BR60: =AF60*$H$60 -> 0 | ... BU60: =AI60*$H$60 -> 0
A61: 15667 | B61: Titans II – Giga 2 | C61: Slopers | D61: Giga | F61: 6 | G61: 167.244 | H61: =SUM(I61:T61) -> 0 | U61: 2.749 | V61: =H61*U61 -> 0 | W61: =H61*G61 -> 0 | X61: =F61*H61 -> 0 | AQ61: =AJ61*$H$61 -> 0 | AR61: =AK61*$H$61 -> 0 | AS61: =AL61*$H$61 -> 0 | AT61: =AM61*$H$61 -> 0 | AU61: =AN61*$H$61 -> 0 | AV61: =AO61*$H$61 -> 0 | AW61: =AP61*$H$61 -> 0 | AX61: =SUM(AJ61:AP61) -> 0 | BE61: =AY61*$H$61 -> 0 | BF61: =AZ61*$H$61 -> 0 | BG61: =BA61*$H$61 -> 0 | BH61: =BB61*$H$61 -> 0 | BI61: =BC61*$H$61 -> 0 | BJ61: =BD61*$H$61 -> 0 | BK61: =Y61*$H$61 -> 0 | BL61: =Z61*$H$61 -> 0 | BM61: =AA61*$H$61 -> 0 | BN61: =AB61*$H$61 -> 0 | BO61: =AC61*$H$61 -> 0 | BP61: =AD61*$H$61 -> 0 | BQ61: =AE61*$H$61 -> 0 | BR61: =AF61*$H$61 -> 0 | ... BU61: =AI61*$H$61 -> 0
A62: 15282 | B62: Titans II – Giga 3 | C62: Slopers | D62: Giga | F62: 4 | G62: 167.636 | H62: =SUM(I62:T62) -> 0 | U62: 2.756 | V62: =H62*U62 -> 0 | W62: =H62*G62 -> 0 | X62: =F62*H62 -> 0 | AQ62: =AJ62*$H$62 -> 0 | AR62: =AK62*$H$62 -> 0 | AS62: =AL62*$H$62 -> 0 | AT62: =AM62*$H$62 -> 0 | AU62: =AN62*$H$62 -> 0 | AV62: =AO62*$H$62 -> 0 | AW62: =AP62*$H$62 -> 0 | AX62: =SUM(AJ62:AP62) -> 0 | BE62: =AY62*$H$62 -> 0 | BF62: =AZ62*$H$62 -> 0 | BG62: =BA62*$H$62 -> 0 | BH62: =BB62*$H$62 -> 0 | BI62: =BC62*$H$62 -> 0 | BJ62: =BD62*$H$62 -> 0 | BK62: =Y62*$H$62 -> 0 | BL62: =Z62*$H$62 -> 0 | BM62: =AA62*$H$62 -> 0 | BN62: =AB62*$H$62 -> 0 | BO62: =AC62*$H$62 -> 0 | BP62: =AD62*$H$62 -> 0 | BQ62: =AE62*$H$62 -> 0 | BR62: =AF62*$H$62 -> 0 | ... BU62: =AI62*$H$62 -> 0
A63: 15288 | B63: Titans II – L pockets | C63: Pockets | D63: L | F63: 4 | G63: 119.364 | H63: =SUM(I63:T63) -> 0 | U63: 2.199 | V63: =H63*U63 -> 0 | W63: =H63*G63 -> 0 | X63: =F63*H63 -> 0 | AQ63: =AJ63*$H$63 -> 0 | AR63: =AK63*$H$63 -> 0 | AS63: =AL63*$H$63 -> 0 | AT63: =AM63*$H$63 -> 0 | AU63: =AN63*$H$63 -> 0 | AV63: =AO63*$H$63 -> 0 | AW63: =AP63*$H$63 -> 0 | AX63: =SUM(AJ63:AP63) -> 0 | BE63: =AY63*$H$63 -> 0 | BF63: =AZ63*$H$63 -> 0 | BG63: =BA63*$H$63 -> 0 | BH63: =BB63*$H$63 -> 0 | BI63: =BC63*$H$63 -> 0 | BJ63: =BD63*$H$63 -> 0 | BK63: =Y63*$H$63 -> 0 | BL63: =Z63*$H$63 -> 0 | BM63: =AA63*$H$63 -> 0 | BN63: =AB63*$H$63 -> 0 | BO63: =AC63*$H$63 -> 0 | BP63: =AD63*$H$63 -> 0 | BQ63: =AE63*$H$63 -> 0 | BR63: =AF63*$H$63 -> 0 | ... BU63: =AI63*$H$63 -> 0
A64: 15234 | B64: Titans II – L positive | C64: Edges | D64: L | F64: 4 | G64: 116.032 | H64: =SUM(I64:T64) -> 0 | U64: 2.051 | V64: =H64*U64 -> 0 | W64: =H64*G64 -> 0 | X64: =F64*H64 -> 0 | AQ64: =AJ64*$H$64 -> 0 | AR64: =AK64*$H$64 -> 0 | AS64: =AL64*$H$64 -> 0 | AT64: =AM64*$H$64 -> 0 | AU64: =AN64*$H$64 -> 0 | AV64: =AO64*$H$64 -> 0 | AW64: =AP64*$H$64 -> 0 | AX64: =SUM(AJ64:AP64) -> 0 | BE64: =AY64*$H$64 -> 0 | BF64: =AZ64*$H$64 -> 0 | BG64: =BA64*$H$64 -> 0 | BH64: =BB64*$H$64 -> 0 | BI64: =BC64*$H$64 -> 0 | BJ64: =BD64*$H$64 -> 0 | BK64: =Y64*$H$64 -> 0 | BL64: =Z64*$H$64 -> 0 | BM64: =AA64*$H$64 -> 0 | BN64: =AB64*$H$64 -> 0 | BO64: =AC64*$H$64 -> 0 | BP64: =AD64*$H$64 -> 0 | BQ64: =AE64*$H$64 -> 0 | BR64: =AF64*$H$64 -> 0 | ... BU64: =AI64*$H$64 -> 0
A65: 15289 | B65: Titans II – M 1 | C65: Edges | D65: M | F65: 10 | G65: 107.716 | H65: =SUM(I65:T65) -> 0 | U65: 1.713 | V65: =H65*U65 -> 0 | W65: =H65*G65 -> 0 | X65: =F65*H65 -> 0 | AQ65: =AJ65*$H$65 -> 0 | AR65: =AK65*$H$65 -> 0 | AS65: =AL65*$H$65 -> 0 | AT65: =AM65*$H$65 -> 0 | AU65: =AN65*$H$65 -> 0 | AV65: =AO65*$H$65 -> 0 | AW65: =AP65*$H$65 -> 0 | AX65: =SUM(AJ65:AP65) -> 0 | BE65: =AY65*$H$65 -> 0 | BF65: =AZ65*$H$65 -> 0 | BG65: =BA65*$H$65 -> 0 | BH65: =BB65*$H$65 -> 0 | BI65: =BC65*$H$65 -> 0 | BJ65: =BD65*$H$65 -> 0 | BK65: =Y65*$H$65 -> 0 | BL65: =Z65*$H$65 -> 0 | BM65: =AA65*$H$65 -> 0 | BN65: =AB65*$H$65 -> 0 | BO65: =AC65*$H$65 -> 0 | BP65: =AD65*$H$65 -> 0 | BQ65: =AE65*$H$65 -> 0 | BR65: =AF65*$H$65 -> 0 | ... BU65: =AI65*$H$65 -> 0
A66: 15250 | B66: Titans II – M 2 | C66: Edges | D66: M | F66: 13 | G66: 96.74 | H66: =SUM(I66:T66) -> 0 | U66: 1.477 | V66: =H66*U66 -> 0 | W66: =H66*G66 -> 0 | X66: =F66*H66 -> 0 | AQ66: =AJ66*$H$66 -> 0 | AR66: =AK66*$H$66 -> 0 | AS66: =AL66*$H$66 -> 0 | AT66: =AM66*$H$66 -> 0 | AU66: =AN66*$H$66 -> 0 | AV66: =AO66*$H$66 -> 0 | AW66: =AP66*$H$66 -> 0 | AX66: =SUM(AJ66:AP66) -> 0 | BE66: =AY66*$H$66 -> 0 | BF66: =AZ66*$H$66 -> 0 | BG66: =BA66*$H$66 -> 0 | BH66: =BB66*$H$66 -> 0 | BI66: =BC66*$H$66 -> 0 | BJ66: =BD66*$H$66 -> 0 | BK66: =Y66*$H$66 -> 0 | BL66: =Z66*$H$66 -> 0 | BM66: =AA66*$H$66 -> 0 | BN66: =AB66*$H$66 -> 0 | BO66: =AC66*$H$66 -> 0 | BP66: =AD66*$H$66 -> 0 | BQ66: =AE66*$H$66 -> 0 | BR66: =AF66*$H$66 -> 0 | ... BU66: =AI66*$H$66 -> 0
A67: 15440 | B67: Titans II – XL 1 | C67: Slopers | D67: XL | F67: 1 | G67: 174.3 | H67: =SUM(I67:T67) -> 0 | U67: 2.171 | V67: =H67*U67 -> 0 | W67: =H67*G67 -> 0 | X67: =F67*H67 -> 0 | AQ67: =AJ67*$H$67 -> 0 | AR67: =AK67*$H$67 -> 0 | AS67: =AL67*$H$67 -> 0 | AT67: =AM67*$H$67 -> 0 | AU67: =AN67*$H$67 -> 0 | AV67: =AO67*$H$67 -> 0 | AW67: =AP67*$H$67 -> 0 | AX67: =SUM(AJ67:AP67) -> 0 | BE67: =AY67*$H$67 -> 0 | BF67: =AZ67*$H$67 -> 0 | BG67: =BA67*$H$67 -> 0 | BH67: =BB67*$H$67 -> 0 | BI67: =BC67*$H$67 -> 0 | BJ67: =BD67*$H$67 -> 0 | BK67: =Y67*$H$67 -> 0 | BL67: =Z67*$H$67 -> 0 | BM67: =AA67*$H$67 -> 0 | BN67: =AB67*$H$67 -> 0 | BO67: =AC67*$H$67 -> 0 | BP67: =AD67*$H$67 -> 0 | BQ67: =AE67*$H$67 -> 0 | BR67: =AF67*$H$67 -> 0 | ... BU67: =AI67*$H$67 -> 0
A68: 15284 | B68: Titans II – XL 2 | C68: Slopers | D68: XL | F68: 1 | G68: 145.6 | H68: =SUM(I68:T68) -> 0 | U68: 1.647 | V68: =H68*U68 -> 0 | W68: =H68*G68 -> 0 | X68: =F68*H68 -> 0 | AQ68: =AJ68*$H$68 -> 0 | AR68: =AK68*$H$68 -> 0 | AS68: =AL68*$H$68 -> 0 | AT68: =AM68*$H$68 -> 0 | AU68: =AN68*$H$68 -> 0 | AV68: =AO68*$H$68 -> 0 | AW68: =AP68*$H$68 -> 0 | AX68: =SUM(AJ68:AP68) -> 0 | BE68: =AY68*$H$68 -> 0 | BF68: =AZ68*$H$68 -> 0 | BG68: =BA68*$H$68 -> 0 | BH68: =BB68*$H$68 -> 0 | BI68: =BC68*$H$68 -> 0 | BJ68: =BD68*$H$68 -> 0 | BK68: =Y68*$H$67 -> 0 | BL68: =Z68*$H$67 -> 0 | BM68: =AA68*$H$67 -> 0 | BN68: =AB68*$H$67 -> 0 | BO68: =AC68*$H$67 -> 0 | BP68: =AD68*$H$67 -> 0 | BQ68: =AE68*$H$67 -> 0 | BR68: =AF68*$H$67 -> 0 | ... BU68: =AI68*$H$67 -> 0
A69: 15955 | B69: Titans II – XL 3 | C69: Slopers | D69: XL | F69: 1 | G69: 149.352 | H69: =SUM(I69:T69) -> 0 | U69: 1.716 | V69: =H69*U69 -> 0 | W69: =H69*G69 -> 0 | X69: =F69*H69 -> 0 | AQ69: =AJ69*$H$69 -> 0 | AR69: =AK69*$H$69 -> 0 | AS69: =AL69*$H$69 -> 0 | AT69: =AM69*$H$69 -> 0 | AU69: =AN69*$H$69 -> 0 | AV69: =AO69*$H$69 -> 0 | AW69: =AP69*$H$69 -> 0 | AX69: =SUM(AJ69:AP69) -> 0 | BE69: =AY69*$H$69 -> 0 | BF69: =AZ69*$H$69 -> 0 | BG69: =BA69*$H$69 -> 0 | BH69: =BB69*$H$69 -> 0 | BI69: =BC69*$H$69 -> 0 | BJ69: =BD69*$H$69 -> 0 | BK69: =Y69*$H$69 -> 0 | BL69: =Z69*$H$69 -> 0 | BM69: =AA69*$H$69 -> 0 | BN69: =AB69*$H$69 -> 0 | BO69: =AC69*$H$69 -> 0 | BP69: =AD69*$H$69 -> 0 | BQ69: =AE69*$H$69 -> 0 | BR69: =AF69*$H$69 -> 0 | ... BU69: =AI69*$H$69 -> 0
A70: 15304 | B70: Titans II-XS Footholds Screw On | C70: Footholds | D70: XS | F70: 4 | G70: 73.472 | H70: =SUM(I70:T70) -> 0 | U70: 0.655 | V70: =H70*U70 -> 0 | W70: =H70*G70 -> 0 | X70: =F70*H70 -> 0 | AQ70: =AJ70*$H$70 -> 0 | AR70: =AK70*$H$70 -> 0 | AS70: =AL70*$H$70 -> 0 | AT70: =AM70*$H$70 -> 0 | AU70: =AN70*$H$70 -> 0 | AV70: =AO70*$H$70 -> 0 | AW70: =AP70*$H$70 -> 0 | AX70: =SUM(AJ70:AP70) -> 0 | BE70: =AY70*$H$70 -> 0 | BF70: =AZ70*$H$70 -> 0 | BG70: =BA70*$H$70 -> 0 | BH70: =BB70*$H$70 -> 0 | BI70: =BC70*$H$70 -> 0 | BJ70: =BD70*$H$70 -> 0 | BK70: =Y70*$H$70 -> 0 | BL70: =Z70*$H$70 -> 0 | BM70: =AA70*$H$70 -> 0 | BN70: =AB70*$H$70 -> 0 | BO70: =AC70*$H$70 -> 0 | BP70: =AD70*$H$70 -> 0 | BQ70: =AE70*$H$70 -> 0 | BR70: =AF70*$H$70 -> 0 | ... BU70: =AI70*$H$70 -> 0
A71: 15248 | B71: Titans II–L slopers 1 | C71: Slopers | D71: L | F71: 4 | G71: 91.224 | H71: =SUM(I71:T71) -> 0 | U71: 1.517 | V71: =H71*U71 -> 0 | W71: =H71*G71 -> 0 | X71: =F71*H71 -> 0 | AQ71: =AJ71*$H$71 -> 0 | AR71: =AK71*$H$71 -> 0 | AS71: =AL71*$H$71 -> 0 | AT71: =AM71*$H$71 -> 0 | AU71: =AN71*$H$71 -> 0 | AV71: =AO71*$H$71 -> 0 | AW71: =AP71*$H$71 -> 0 | AX71: =SUM(AJ71:AP71) -> 0 | BE71: =AY71*$H$71 -> 0 | BF71: =AZ71*$H$71 -> 0 | BG71: =BA71*$H$71 -> 0 | BH71: =BB71*$H$71 -> 0 | BI71: =BC71*$H$71 -> 0 | BJ71: =BD71*$H$71 -> 0 | BK71: =Y71*$H$71 -> 0 | BL71: =Z71*$H$71 -> 0 | BM71: =AA71*$H$71 -> 0 | BN71: =AB71*$H$71 -> 0 | BO71: =AC71*$H$71 -> 0 | BP71: =AD71*$H$71 -> 0 | BQ71: =AE71*$H$71 -> 0 | BR71: =AF71*$H$71 -> 0 | ... BU71: =AI71*$H$71 -> 0
A72: 15246 | B72: Titans II–L slopers 2 | C72: Slopers | D72: L | F72: 4 | G72: 107.8 | H72: =SUM(I72:T72) -> 0 | U72: 1.874 | V72: =H72*U72 -> 0 | W72: =H72*G72 -> 0 | X72: =F72*H72 -> 0 | AQ72: =AJ72*$H$72 -> 0 | AR72: =AK72*$H$72 -> 0 | AS72: =AL72*$H$72 -> 0 | AT72: =AM72*$H$72 -> 0 | AU72: =AN72*$H$72 -> 0 | AV72: =AO72*$H$72 -> 0 | AW72: =AP72*$H$72 -> 0 | AX72: =SUM(AJ72:AP72) -> 0 | BE72: =AY72*$H$72 -> 0 | BF72: =AZ72*$H$72 -> 0 | BG72: =BA72*$H$72 -> 0 | BH72: =BB72*$H$72 -> 0 | BI72: =BC72*$H$72 -> 0 | BJ72: =BD72*$H$72 -> 0 | BK72: =Y72*$H$72 -> 0 | BL72: =Z72*$H$72 -> 0 | BM72: =AA72*$H$72 -> 0 | BN72: =AB72*$H$72 -> 0 | BO72: =AC72*$H$72 -> 0 | BP72: =AD72*$H$72 -> 0 | BQ72: =AE72*$H$72 -> 0 | BR72: =AF72*$H$72 -> 0 | ... BU72: =AI72*$H$72 -> 0
A73: 15247 | B73: Titans II–L slopers 3 | C73: Slopers | D73: L | F73: 4 | G73: 104.076 | H73: =SUM(I73:T73) -> 0 | U73: 1.793 | V73: =H73*U73 -> 0 | W73: =H73*G73 -> 0 | X73: =F73*H73 -> 0 | AQ73: =AJ73*$H$73 -> 0 | AR73: =AK73*$H$73 -> 0 | AS73: =AL73*$H$73 -> 0 | AT73: =AM73*$H$73 -> 0 | AU73: =AN73*$H$73 -> 0 | AV73: =AO73*$H$73 -> 0 | AW73: =AP73*$H$73 -> 0 | AX73: =SUM(AJ73:AP73) -> 0 | BE73: =AY73*$H$73 -> 0 | BF73: =AZ73*$H$73 -> 0 | BG73: =BA73*$H$73 -> 0 | BH73: =BB73*$H$73 -> 0 | BI73: =BC73*$H$73 -> 0 | BJ73: =BD73*$H$73 -> 0 | BK73: =Y73*$H$73 -> 0 | BL73: =Z73*$H$73 -> 0 | BM73: =AA73*$H$73 -> 0 | BN73: =AB73*$H$73 -> 0 | BO73: =AC73*$H$73 -> 0 | BP73: =AD73*$H$73 -> 0 | BQ73: =AE73*$H$73 -> 0 | BR73: =AF73*$H$73 -> 0 | ... BU73: =AI73*$H$73 -> 0
A74: 15249 | B74: Titans II–S hard crimps | C74: Edges | D74: S | F74: 6 | G74: 138.964 | H74: =SUM(I74:T74) -> 0 | U74: 2.067 | V74: =H74*U74 -> 0 | W74: =H74*G74 -> 0 | X74: =F74*H74 -> 0 | AQ74: =AJ74*$H$74 -> 0 | AR74: =AK74*$H$74 -> 0 | AS74: =AL74*$H$74 -> 0 | AT74: =AM74*$H$74 -> 0 | AU74: =AN74*$H$74 -> 0 | AV74: =AO74*$H$74 -> 0 | AW74: =AP74*$H$74 -> 0 | AX74: =SUM(AJ74:AP74) -> 0 | BE74: =AY74*$H$74 -> 0 | BF74: =AZ74*$H$74 -> 0 | BG74: =BA74*$H$74 -> 0 | BH74: =BB74*$H$74 -> 0 | BI74: =BC74*$H$74 -> 0 | BJ74: =BD74*$H$74 -> 0 | BK74: =Y74*$H$74 -> 0 | BL74: =Z74*$H$74 -> 0 | BM74: =AA74*$H$74 -> 0 | BN74: =AB74*$H$74 -> 0 | BO74: =AC74*$H$74 -> 0 | BP74: =AD74*$H$74 -> 0 | BQ74: =AE74*$H$74 -> 0 | BR74: =AF74*$H$74 -> 0 | ... BU74: =AI74*$H$74 -> 0
B75: Titans II - Full Line | D75: - | E75: view | F75: =SUM(F58:F74) -> 76 | G75: =SUM(G58:G74) -> 2447.424 | H75: =SUM(I75:T75) -> 0 | U75: =SUM(U58:U74) -> 37.118 | V75: =H75*U75 -> 0 | W75: =H75*G75 -> 0 | X75: =F75*H75 -> 0 | Y75: =SUM(Y58:Y74) -> 0 | Z75: =SUM(Z58:Z74) -> 0 | AA75: =SUM(AA58:AA74) -> 0 | AB75: =SUM(AB58:AB74) -> 0 | AC75: =SUM(AC58:AC74) -> 0 | AD75: =SUM(AD58:AD74) -> 0 | AE75: =SUM(AE58:AE74) -> 0 | AF75: =SUM(AF58:AF74) -> 0 | ... AP75: =SUM(AP58:AP74) -> 0 | AQ75: =AJ75*$H$75 -> 0 | AR75: =AK75*$H$75 -> 0 | AS75: =AL75*$H$75 -> 0 | AT75: =AM75*$H$75 -> 0 | AU75: =AN75*$H$75 -> 0 | AV75: =AO75*$H$75 -> 0 | AW75: =AP75*$H$75 -> 0 | AX75: =SUM(AJ75:AP75) -> 0 | AY75: =SUM(AY47:AY65) -> 0 | AZ75: =SUM(AZ47:AZ65) -> 0 | BA75: =SUM(BA47:BA65) -> 0 | BB75: =SUM(BB47:BB65) -> 0 | BC75: =SUM(BC47:BC65) -> 0 | BD75: =SUM(BD47:BD65) -> 0 | BE75: =AY75*$H$75 -> 0 | BF75: =AZ75*$H$75 -> 0 | BG75: =BA75*$H$75 -> 0 | BH75: =BB75*$H$75 -> 0 | BI75: =BC75*$H$75 -> 0 | BJ75: =BD75*$H$75 -> 0 | BK75: =Y75*$H$75 -> 0 | BL75: =Z75*$H$75 -> 0 | BM75: =AA75*$H$75 -> 0 | BN75: =AB75*$H$75 -> 0 | BO75: =AC75*$H$75 -> 0 | BP75: =AD75*$H$75 -> 0 | BQ75: =AE75*$H$75 -> 0 | BR75: =AF75*$H$75 -> 0 | ... BU75: =AI75*$H$75 -> 0
A76: 13972 | B76: DoughJo Blockers L-Mega 2 | C76: Slopers | D76: L-Mega | F76: 2 | G76: 111.97 | H76: =SUM(I76:T76) -> 0 | U76: 1.489 | V76: =H76*U76 -> 0 | W76: =H76*G76 -> 0 | X76: =F76*H76 -> 0 | AQ76: =AJ76*$H$76 -> 0 | AR76: =AK76*$H$76 -> 0 | AS76: =AL76*$H$76 -> 0 | AT76: =AM76*$H$76 -> 0 | AU76: =AN76*$H$76 -> 0 | AV76: =AO76*$H$76 -> 0 | AW76: =AP76*$H$76 -> 0 | AX76: =SUM(AJ76:AP76) -> 0 | BB76: 2 | BE76: =AY76*$H$76 -> 0 | BF76: =AZ76*$H$76 -> 0 | BG76: =BA76*$H$76 -> 0 | BH76: =BB76*$H$76 -> 0 | BI76: =BC76*$H$76 -> 0 | BJ76: =BD76*$H$76 -> 0 | BK76: =$H76*Y76 -> 0 | BL76: =$H76*Z76 -> 0 | BM76: =$H76*AA76 -> 0 | BN76: =$H76*AB76 -> 0 | BO76: =$H76*AC76 -> 0 | BP76: =$H76*AD76 -> 0 | BQ76: =$H76*AE76 -> 0 | BR76: =$H76*AF76 -> 0 | ... BU76: =$H76*AI76 -> 0
A77: 13468 | B77: DoughJo Blockers L-XL 1 | C77: Slopers | D77: L-XL | F77: 2 | G77: 86.16 | H77: =SUM(I77:T77) -> 0 | U77: 1.017 | V77: =H77*U77 -> 0 | W77: =H77*G77 -> 0 | X77: =F77*H77 -> 0 | AQ77: =AJ77*$H$77 -> 0 | AR77: =AK77*$H$77 -> 0 | AS77: =AL77*$H$77 -> 0 | AT77: =AM77*$H$77 -> 0 | AU77: =AN77*$H$77 -> 0 | AV77: =AO77*$H$77 -> 0 | AW77: =AP77*$H$77 -> 0 | AX77: =SUM(AJ77:AP77) -> 0 | BB77: 2 | BE77: =AY77*$H$77 -> 0 | BF77: =AZ77*$H$77 -> 0 | BG77: =BA77*$H$77 -> 0 | BH77: =BB77*$H$77 -> 0 | BI77: =BC77*$H$77 -> 0 | BJ77: =BD77*$H$77 -> 0 | BK77: =$H77*Y77 -> 0 | BL77: =$H77*Z77 -> 0 | BM77: =$H77*AA77 -> 0 | BN77: =$H77*AB77 -> 0 | BO77: =$H77*AC77 -> 0 | BP77: =$H77*AD77 -> 0 | BQ77: =$H77*AE77 -> 0 | BR77: =$H77*AF77 -> 0 | ... BU77: =$H77*AI77 -> 0
A78: 13447 | B78: DoughJo Blockers L-XL 2 | C78: Slopers | D78: L-XL | F78: 2 | G78: 83.69 | H78: =SUM(I78:T78) -> 0 | U78: 0.972 | V78: =H78*U78 -> 0 | W78: =H78*G78 -> 0 | X78: =F78*H78 -> 0 | AQ78: =AJ78*$H$78 -> 0 | AR78: =AK78*$H$78 -> 0 | AS78: =AL78*$H$78 -> 0 | AT78: =AM78*$H$78 -> 0 | AU78: =AN78*$H$78 -> 0 | AV78: =AO78*$H$78 -> 0 | AW78: =AP78*$H$78 -> 0 | AX78: =SUM(AJ78:AP78) -> 0 | BB78: 2 | BE78: =AY78*$H$78 -> 0 | BF78: =AZ78*$H$78 -> 0 | BG78: =BA78*$H$78 -> 0 | BH78: =BB78*$H$78 -> 0 | BI78: =BC78*$H$78 -> 0 | BJ78: =BD78*$H$78 -> 0 | BK78: =$H78*Y78 -> 0 | BL78: =$H78*Z78 -> 0 | BM78: =$H78*AA78 -> 0 | BN78: =$H78*AB78 -> 0 | BO78: =$H78*AC78 -> 0 | BP78: =$H78*AD78 -> 0 | BQ78: =$H78*AE78 -> 0 | BR78: =$H78*AF78 -> 0 | ... BU78: =$H78*AI78 -> 0
A79: 13965 | B79: DoughJo Blockers L-XL 3 | C79: Slopers | D79: L-XL | F79: 2 | G79: 100.352 | H79: =SUM(I79:T79) -> 0 | U79: 1.277 | V79: =H79*U79 -> 0 | W79: =H79*G79 -> 0 | X79: =F79*H79 -> 0 | AQ79: =AJ79*$H$79 -> 0 | AR79: =AK79*$H$79 -> 0 | AS79: =AL79*$H$79 -> 0 | AT79: =AM79*$H$79 -> 0 | AU79: =AN79*$H$79 -> 0 | AV79: =AO79*$H$79 -> 0 | AW79: =AP79*$H$79 -> 0 | AX79: =SUM(AJ79:AP79) -> 0 | BB79: 2 | BE79: =AY79*$H$79 -> 0 | BF79: =AZ79*$H$79 -> 0 | BG79: =BA79*$H$79 -> 0 | BH79: =BB79*$H$79 -> 0 | BI79: =BC79*$H$79 -> 0 | BJ79: =BD79*$H$79 -> 0 | BK79: =$H79*Y79 -> 0 | BL79: =$H79*Z79 -> 0 | BM79: =$H79*AA79 -> 0 | BN79: =$H79*AB79 -> 0 | BO79: =$H79*AC79 -> 0 | BP79: =$H79*AD79 -> 0 | BQ79: =$H79*AE79 -> 0 | BR79: =$H79*AF79 -> 0 | ... BU79: =$H79*AI79 -> 0
A80: 13969 | B80: DoughJo Blockers L-XL 4 | C80: Slopers | D80: L-XL | F80: 2 | G80: 93.38 | H80: =SUM(I80:T80) -> 0 | U80: 1.149 | V80: =H80*U80 -> 0 | W80: =H80*G80 -> 0 | X80: =F80*H80 -> 0 | AQ80: =AJ80*$H$80 -> 0 | AR80: =AK80*$H$80 -> 0 | AS80: =AL80*$H$80 -> 0 | AT80: =AM80*$H$80 -> 0 | AU80: =AN80*$H$80 -> 0 | AV80: =AO80*$H$80 -> 0 | AW80: =AP80*$H$80 -> 0 | AX80: =SUM(AJ80:AP80) -> 0 | BB80: 2 | BE80: =AY80*$H$80 -> 0 | BF80: =AZ80*$H$80 -> 0 | BG80: =BA80*$H$80 -> 0 | BH80: =BB80*$H$80 -> 0 | BI80: =BC80*$H$80 -> 0 | BJ80: =BD80*$H$80 -> 0 | BK80: =$H80*Y80 -> 0 | BL80: =$H80*Z80 -> 0 | BM80: =$H80*AA80 -> 0 | BN80: =$H80*AB80 -> 0 | BO80: =$H80*AC80 -> 0 | BP80: =$H80*AD80 -> 0 | BQ80: =$H80*AE80 -> 0 | BR80: =$H80*AF80 -> 0 | ... BU80: =$H80*AI80 -> 0
A81: 13967 | B81: DoughJo Blockers L-XL 5 | C81: Slopers | D81: L-XL | F81: 2 | G81: 108.11 | H81: =SUM(I81:T81) -> 0 | U81: 1.418 | V81: =H81*U81 -> 0 | W81: =H81*G81 -> 0 | X81: =F81*H81 -> 0 | AQ81: =AJ81*$H$81 -> 0 | AR81: =AK81*$H$81 -> 0 | AS81: =AL81*$H$81 -> 0 | AT81: =AM81*$H$81 -> 0 | AU81: =AN81*$H$81 -> 0 | AV81: =AO81*$H$81 -> 0 | AW81: =AP81*$H$81 -> 0 | AX81: =SUM(AJ81:AP81) -> 0 | BB81: 2 | BE81: =AY81*$H$81 -> 0 | BF81: =AZ81*$H$81 -> 0 | BG81: =BA81*$H$81 -> 0 | BH81: =BB81*$H$81 -> 0 | BI81: =BC81*$H$81 -> 0 | BJ81: =BD81*$H$81 -> 0 | BK81: =$H81*Y81 -> 0 | BL81: =$H81*Z81 -> 0 | BM81: =$H81*AA81 -> 0 | BN81: =$H81*AB81 -> 0 | BO81: =$H81*AC81 -> 0 | BP81: =$H81*AD81 -> 0 | BQ81: =$H81*AE81 -> 0 | BR81: =$H81*AF81 -> 0 | ... BU81: =$H81*AI81 -> 0
A82: 13968 | B82: DoughJo Blockers L–Mega | C82: Slopers | D82: L-Mega | F82: 2 | G82: 116.62 | H82: =SUM(I82:T82) -> 0 | U82: 1.574 | V82: =H82*U82 -> 0 | W82: =H82*G82 -> 0 | X82: =F82*H82 -> 0 | AQ82: =AJ82*$H$82 -> 0 | AR82: =AK82*$H$82 -> 0 | AS82: =AL82*$H$82 -> 0 | AT82: =AM82*$H$82 -> 0 | AU82: =AN82*$H$82 -> 0 | AV82: =AO82*$H$82 -> 0 | AW82: =AP82*$H$82 -> 0 | AX82: =SUM(AJ82:AP82) -> 0 | BB82: 2 | BE82: =AY82*$H$82 -> 0 | BF82: =AZ82*$H$82 -> 0 | BG82: =BA82*$H$82 -> 0 | BH82: =BB82*$H$82 -> 0 | BI82: =BC82*$H$82 -> 0 | BJ82: =BD82*$H$82 -> 0 | BK82: =$H82*Y82 -> 0 | BL82: =$H82*Z82 -> 0 | BM82: =$H82*AA82 -> 0 | BN82: =$H82*AB82 -> 0 | BO82: =$H82*AC82 -> 0 | BP82: =$H82*AD82 -> 0 | BQ82: =$H82*AE82 -> 0 | BR82: =$H82*AF82 -> 0 | ... BU82: =$H82*AI82 -> 0
A83: 13973 | B83: DoughJo Blockers Giga | C83: Slopers | D83: Giga | F83: 2 | G83: 207.68 | H83: =SUM(I83:T83) -> 0 | U83: 3.258 | V83: =H83*U83 -> 0 | W83: =H83*G83 -> 0 | X83: =F83*H83 -> 0 | AQ83: =AJ83*$H$83 -> 0 | AR83: =AK83*$H$83 -> 0 | AS83: =AL83*$H$83 -> 0 | AT83: =AM83*$H$83 -> 0 | AU83: =AN83*$H$83 -> 0 | AV83: =AO83*$H$83 -> 0 | AW83: =AP83*$H$83 -> 0 | AX83: =SUM(AJ83:AP83) -> 0 | BB83: 2 | BE83: =AY83*$H$83 -> 0 | BF83: =AZ83*$H$83 -> 0 | BG83: =BA83*$H$83 -> 0 | BH83: =BB83*$H$83 -> 0 | BI83: =BC83*$H$83 -> 0 | BJ83: =BD83*$H$83 -> 0 | BK83: =$H83*Y83 -> 0 | BL83: =$H83*Z83 -> 0 | BM83: =$H83*AA83 -> 0 | BN83: =$H83*AB83 -> 0 | BO83: =$H83*AC83 -> 0 | BP83: =$H83*AD83 -> 0 | BQ83: =$H83*AE83 -> 0 | BR83: =$H83*AF83 -> 0 | ... BU83: =$H83*AI83 -> 0
A84: 13970 | B84: DoughJo Blockers XL–Mega 1 | C84: Slopers | D84: XL-Mega | F84: 2 | G84: 116.62 | H84: =SUM(I84:T84) -> 0 | U84: 1.574 | V84: =H84*U84 -> 0 | W84: =H84*G84 -> 0 | X84: =F84*H84 -> 0 | AQ84: =AJ84*$H$84 -> 0 | AR84: =AK84*$H$84 -> 0 | AS84: =AL84*$H$84 -> 0 | AT84: =AM84*$H$84 -> 0 | AU84: =AN84*$H$84 -> 0 | AV84: =AO84*$H$84 -> 0 | AW84: =AP84*$H$84 -> 0 | AX84: =SUM(AJ84:AP84) -> 0 | BB84: 2 | BE84: =AY84*$H$84 -> 0 | BF84: =AZ84*$H$84 -> 0 | BG84: =BA84*$H$84 -> 0 | BH84: =BB84*$H$84 -> 0 | BI84: =BC84*$H$84 -> 0 | BJ84: =BD84*$H$84 -> 0 | BK84: =$H84*Y84 -> 0 | BL84: =$H84*Z84 -> 0 | BM84: =$H84*AA84 -> 0 | BN84: =$H84*AB84 -> 0 | BO84: =$H84*AC84 -> 0 | BP84: =$H84*AD84 -> 0 | BQ84: =$H84*AE84 -> 0 | BR84: =$H84*AF84 -> 0 | ... BU84: =$H84*AI84 -> 0
A85: 13966 | B85: DoughJo Blockers XL–Mega 2 | C85: Slopers | D85: XL-Mega | F85: 2 | G85: 89.77 | H85: =SUM(I85:T85) -> 0 | U85: 1.083 | V85: =H85*U85 -> 0 | W85: =H85*G85 -> 0 | X85: =F85*H85 -> 0 | AQ85: =AJ85*$H$85 -> 0 | AR85: =AK85*$H$85 -> 0 | AS85: =AL85*$H$85 -> 0 | AT85: =AM85*$H$85 -> 0 | AU85: =AN85*$H$85 -> 0 | AV85: =AO85*$H$85 -> 0 | AW85: =AP85*$H$85 -> 0 | AX85: =SUM(AJ85:AP85) -> 0 | BB85: 2 | BE85: =AY85*$H$85 -> 0 | BF85: =AZ85*$H$85 -> 0 | BG85: =BA85*$H$85 -> 0 | BH85: =BB85*$H$85 -> 0 | BI85: =BC85*$H$85 -> 0 | BJ85: =BD85*$H$85 -> 0 | BK85: =$H85*Y85 -> 0 | BL85: =$H85*Z85 -> 0 | BM85: =$H85*AA85 -> 0 | BN85: =$H85*AB85 -> 0 | BO85: =$H85*AC85 -> 0 | BP85: =$H85*AD85 -> 0 | BQ85: =$H85*AE85 -> 0 | BR85: =$H85*AF85 -> 0 | ... BU85: =$H85*AI85 -> 0
A86: 13971 | B86: DoughJo Blockers XL–Mega 3 | C86: Slopers | D86: XL-Mega | F86: 2 | G86: 110.824 | H86: =SUM(I86:T86) -> 0 | U86: 1.468 | V86: =H86*U86 -> 0 | W86: =H86*G86 -> 0 | X86: =F86*H86 -> 0 | AQ86: =AJ86*$H$86 -> 0 | AR86: =AK86*$H$86 -> 0 | AS86: =AL86*$H$86 -> 0 | AT86: =AM86*$H$86 -> 0 | AU86: =AN86*$H$86 -> 0 | AV86: =AO86*$H$86 -> 0 | AW86: =AP86*$H$86 -> 0 | AX86: =SUM(AJ86:AP86) -> 0 | BB86: 2 | BE86: =AY86*$H$86 -> 0 | BF86: =AZ86*$H$86 -> 0 | BG86: =BA86*$H$86 -> 0 | BH86: =BB86*$H$86 -> 0 | BI86: =BC86*$H$86 -> 0 | BJ86: =BD86*$H$86 -> 0 | BK86: =$H86*Y86 -> 0 | BL86: =$H86*Z86 -> 0 | BM86: =$H86*AA86 -> 0 | BN86: =$H86*AB86 -> 0 | BO86: =$H86*AC86 -> 0 | BP86: =$H86*AD86 -> 0 | BQ86: =$H86*AE86 -> 0 | BR86: =$H86*AF86 -> 0 | ... BU86: =$H86*AI86 -> 0
B87: DoughJo Blockers - Full Line | D87: - | E87: view | F87: =SUM(F76:F86) -> 22 | G87: =SUM(G76:G86) -> 1225.176 | H87: =SUM(I87:T87) -> 0 | U87: =SUM(U76:U86) -> 16.279 | V87: =H87*U87 -> 0 | W87: =H87*G87 -> 0 | X87: =F87*H87 -> 0 | Y87: =SUM(Y76:Y86) -> 0 | Z87: =SUM(Z76:Z86) -> 0 | AA87: =SUM(AA76:AA86) -> 0 | AB87: =SUM(AB76:AB86) -> 0 | AC87: =SUM(AC76:AC86) -> 0 | AD87: =SUM(AD76:AD86) -> 0 | AE87: =SUM(AE76:AE86) -> 0 | AF87: =SUM(AF76:AF86) -> 0 | ... AP87: =SUM(AP76:AP86) -> 0 | AQ87: =SUM(AQ2:AQ86) -> 0 | AR87: =SUM(AR2:AR86) -> 0 | AS87: =SUM(AS2:AS86) -> 0 | AT87: =SUM(AT2:AT86) -> 0 | AU87: =SUM(AU2:AU86) -> 0 | AV87: =SUM(AV2:AV86) -> 0 | AW87: =SUM(AW2:AW86) -> 0 | AX87: =SUM(AJ87:AP87) -> 0 | BB87: 22 | BE87: =AY87*$H$87 -> 0 | BF87: =AZ87*$H$87 -> 0 | BG87: =BA87*$H$87 -> 0 | BH87: =BB87*$H$87 -> 0 | BI87: =BC87*$H$87 -> 0 | BJ87: =BD87*$H$87 -> 0 | BK87: =$H87*Y87 -> 0 | BL87: =$H87*Z87 -> 0 | BM87: =$H87*AA87 -> 0 | BN87: =$H87*AB87 -> 0 | BO87: =$H87*AC87 -> 0 | BP87: =$H87*AD87 -> 0 | BQ87: =$H87*AE87 -> 0 | BR87: =$H87*AF87 -> 0 | ... BU87: =$H87*AI87 -> 0
V88: =SUM(V2:V87) -> 0 | W88: =SUM(W2:W87)+'Macros Fiberglass'!Q44+'PE holds'!R23 -> 0 | X88: =SUM(X2:X87) -> 0 | AQ88: =SUM(AQ2:AQ87) -> 0 | AR88: =SUM(AR2:AR87) -> 0 | AS88: =SUM(AS2:AS87) -> 0 | AT88: =SUM(AT2:AT87) -> 0 | AU88: =SUM(AU2:AU87) -> 0 | AV88: =SUM(AV2:AV87) -> 0 | AW88: =SUM(AW2:AW87) -> 0 | BE88: =SUM(BE2:BE87) -> 0 | BF88: =SUM(BF2:BF87) -> 0 | BG88: =SUM(BG2:BG87) -> 0 | BH88: =SUM(BH2:BH87) -> 0 | BI88: =SUM(BI2:BI87) -> 0 | BJ88: =SUM(BJ2:BJ87) -> 0 | BK88: =SUM(BK2:BK87) -> 0 | BL88: =SUM(BL2:BL87) -> 0 | ... BU88: =SUM(BU2:BU87) -> 0

Sheet PE holds
A1: Ref. No. | B1: Set name | C1: Grip type | D1: Size | E1: View picture | F1: Total holds/set | G1: Price (EUR) | H1: Set | I1: Yellow | J1: Red | K1: Blue | L1: Black | M1: Signal violet | N1: Mint 6027 | O1: White | P1: Weight (kg.) | Q1: Total weight (kg.) | R1: Total Amount | T1: 40 | U1: 50 | V1: 60 | W1: 70 | X1: 80 | Y1: 90 | Z1: 100 | AA1: 120 | AB1: 140 | AC1: 160 | AD1: 233 | AE1: XS | AF1: S | AG1: M | AH1: L | AI1: XL | AJ1: MEGA | AK1: GIGA | AL1: XS | AM1: S | AN1: M | AO1: L | AP1: XL | AQ1: MEGA | AR1: GIGA | AS1: colors | AT1: Footholds | AU1: Jugs | AV1: Edges | AW1: Slopers | AX1: Pinches | AY1: Pockets | AZ1: Footholds | BA1: Jugs | BB1: Edges | BC1: Slopers | BD1: Pinches | BE1: Pockets | BF1: 40 | BG1: 50 | BH1: 60 | BI1: 70 | BJ1: 80 | BK1: 90 | BL1: 100 | BM1: 120 | BN1: 140 | BO1: 160 | BP1: 233
A2: 24011 | B2: Pebbles set 1 | C2: Jugs | D2: S-M | E2: view | F2: 15 | G2: 126.25 | H2: =SUM(I2:O2) -> 0 | P2: 6.5 | Q2: =H2*P2 -> 0 | R2: =G2*H2 -> 0 | S2: =F2*H2 -> 0 | U2: 15 | AF2: 5 | AG2: 10 | AL2: =AE2*$H$2 -> 0 | AM2: =AF2*$H$2 -> 0 | AN2: =AG2*$H$2 -> 0 | AO2: =AH2*$H$2 -> 0 | AP2: =AI2*$H$2 -> 0 | AQ2: =AJ2*$H$2 -> 0 | AR2: =AK2*$H$2 -> 0 | AS2: =SUM(AE2:AK2) -> 15 | BA2: 15 | BF2: =T2*$H$2 -> 0 | BG2: =U2*$H$2 -> 0 | BH2: =V2*$H$2 -> 0 | BI2: =W2*$H$2 -> 0 | BJ2: =X2*$H$2 -> 0 | BK2: =Y2*$H$2 -> 0 | BL2: =Z2*$H$2 -> 0 | BM2: =AA2*$H$2 -> 0 | ... BP2: =AD2*$H$2 -> 0
A3: 24012 | B3: Pebbles set 2 | C3: Jugs | D3: M | E3: view | F3: 9 | G3: 93.25 | H3: =SUM(I3:O3) -> 0 | P3: 4.8 | Q3: =H3*P3 -> 0 | R3: =G3*H3 -> 0 | S3: =F3*H3 -> 0 | U3: 9 | AG3: 9 | AL3: =AE3*$H$3 -> 0 | AM3: =AF3*$H$3 -> 0 | AN3: =AG3*$H$3 -> 0 | AO3: =AH3*$H$3 -> 0 | AP3: =AI3*$H$3 -> 0 | AQ3: =AJ3*$H$3 -> 0 | AR3: =AK3*$H$3 -> 0 | AS3: =SUM(AE3:AK3) -> 9 | BA3: 9 | BF3: =T3*$H$3 -> 0 | BG3: =U3*$H$3 -> 0 | BH3: =V3*$H$3 -> 0 | BI3: =W3*$H$3 -> 0 | BJ3: =X3*$H$3 -> 0 | BK3: =Y3*$H$3 -> 0 | BL3: =Z3*$H$3 -> 0 | BM3: =AA3*$H$3 -> 0 | ... BP3: =AD3*$H$3 -> 0
A4: 24013 | B4: Pebbles set 3 | C4: Jugs | D4: M | E4: view | F4: 9 | G4: 93.25 | H4: =SUM(I4:O4) -> 0 | P4: 4.9 | Q4: =H4*P4 -> 0 | R4: =G4*H4 -> 0 | S4: =F4*H4 -> 0 | U4: 9 | AG4: 9 | AL4: =AE4*$H$4 -> 0 | AM4: =AF4*$H$4 -> 0 | AN4: =AG4*$H$4 -> 0 | AO4: =AH4*$H$4 -> 0 | AP4: =AI4*$H$4 -> 0 | AQ4: =AJ4*$H$4 -> 0 | AR4: =AK4*$H$4 -> 0 | AS4: =SUM(AE4:AK4) -> 9 | BA4: 9 | BF4: =T4*$H$4 -> 0 | BG4: =U4*$H$4 -> 0 | BH4: =V4*$H$4 -> 0 | BI4: =W4*$H$4 -> 0 | BJ4: =X4*$H$4 -> 0 | BK4: =Y4*$H$4 -> 0 | BL4: =Z4*$H$4 -> 0 | BM4: =AA4*$H$4 -> 0 | ... BP4: =AD4*$H$4 -> 0
A5: 24014 | B5: Pebbles set 4 | C5: Jugs | D5: M | E5: view | F5: 8 | G5: 89.25 | H5: =SUM(I5:O5) -> 0 | P5: 4.7 | Q5: =H5*P5 -> 0 | R5: =G5*H5 -> 0 | S5: =F5*H5 -> 0 | U5: 8 | AG5: 8 | AL5: =AE5*$H$5 -> 0 | AM5: =AF5*$H$5 -> 0 | AN5: =AG5*$H$5 -> 0 | AO5: =AH5*$H$5 -> 0 | AP5: =AI5*$H$5 -> 0 | AQ5: =AJ5*$H$5 -> 0 | AR5: =AK5*$H$5 -> 0 | AS5: =SUM(AE5:AK5) -> 8 | BA5: 8 | BF5: =T5*$H$5 -> 0 | BG5: =U5*$H$5 -> 0 | BH5: =V5*$H$5 -> 0 | BI5: =W5*$H$5 -> 0 | BJ5: =X5*$H$5 -> 0 | BK5: =Y5*$H$5 -> 0 | BL5: =Z5*$H$5 -> 0 | BM5: =AA5*$H$5 -> 0 | ... BP5: =AD5*$H$5 -> 0
A6: 24015 | B6: Pebbles set 5 | C6: Jugs | D6: L | E6: view | F6: 6 | G6: 82.75 | H6: =SUM(I6:O6) -> 0 | P6: 4.5 | Q6: =H6*P6 -> 0 | R6: =G6*H6 -> 0 | S6: =F6*H6 -> 0 | V6: 6 | AH6: 6 | AL6: =AE6*$H$6 -> 0 | AM6: =AF6*$H$6 -> 0 | AN6: =AG6*$H$6 -> 0 | AO6: =AH6*$H$6 -> 0 | AP6: =AI6*$H$6 -> 0 | AQ6: =AJ6*$H$6 -> 0 | AR6: =AK6*$H$6 -> 0 | AS6: =SUM(AE6:AK6) -> 6 | BA6: 6 | BF6: =T6*$H$6 -> 0 | BG6: =U6*$H$6 -> 0 | BH6: =V6*$H$6 -> 0 | BI6: =W6*$H$6 -> 0 | BJ6: =X6*$H$6 -> 0 | BK6: =Y6*$H$6 -> 0 | BL6: =Z6*$H$6 -> 0 | BM6: =AA6*$H$6 -> 0 | ... BP6: =AD6*$H$6 -> 0
A7: 24016 | B7: Pebbles set 6 | C7: Jugs | D7: L | E7: view | F7: 8 | G7: 119.5 | H7: =SUM(I7:O7) -> 0 | P7: 6.5 | Q7: =H7*P7 -> 0 | R7: =G7*H7 -> 0 | S7: =F7*H7 -> 0 | V7: 8 | AH7: 8 | AL7: =AE7*$H$7 -> 0 | AM7: =AF7*$H$7 -> 0 | AN7: =AG7*$H$7 -> 0 | AO7: =AH7*$H$7 -> 0 | AP7: =AI7*$H$7 -> 0 | AQ7: =AJ7*$H$7 -> 0 | AR7: =AK7*$H$7 -> 0 | AS7: =SUM(AE7:AK7) -> 8 | BA7: 8 | BF7: =T7*$H$7 -> 0 | BG7: =U7*$H$7 -> 0 | BH7: =V7*$H$7 -> 0 | BI7: =W7*$H$7 -> 0 | BJ7: =X7*$H$7 -> 0 | BK7: =Y7*$H$7 -> 0 | BL7: =Z7*$H$7 -> 0 | BM7: =AA7*$H$7 -> 0 | ... BP7: =AD7*$H$7 -> 0
A8: 24017 | B8: Pebbles set 7 | C8: Jugs | D8: M | E8: view | F8: 18 | G8: 173.25 | H8: =SUM(I8:O8) -> 0 | P8: 8.8 | Q8: =H8*P8 -> 0 | R8: =G8*H8 -> 0 | S8: =F8*H8 -> 0 | U8: 18 | AG8: 18 | AL8: =AE8*$H$8 -> 0 | AM8: =AF8*$H$8 -> 0 | AN8: =AG8*$H$8 -> 0 | AO8: =AH8*$H$8 -> 0 | AP8: =AI8*$H$8 -> 0 | AQ8: =AJ8*$H$8 -> 0 | AR8: =AK8*$H$8 -> 0 | AS8: =SUM(AE8:AK8) -> 18 | BA8: 18 | BF8: =T8*$H$8 -> 0 | BG8: =U8*$H$8 -> 0 | BH8: =V8*$H$8 -> 0 | BI8: =W8*$H$8 -> 0 | BJ8: =X8*$H$8 -> 0 | BK8: =Y8*$H$8 -> 0 | BL8: =Z8*$H$8 -> 0 | BM8: =AA8*$H$8 -> 0 | ... BP8: =AD8*$H$8 -> 0
A9: 24018 | B9: Pebbles set 8 | C9: Jugs | D9: M-L | E9: view | F9: 10 | G9: 105 | H9: =SUM(I9:O9) -> 0 | P9: 5.4 | Q9: =H9*P9 -> 0 | R9: =G9*H9 -> 0 | S9: =F9*H9 -> 0 | U9: 5 | V9: 5 | AG9: 5 | AH9: 5 | AL9: =AE9*$H$9 -> 0 | AM9: =AF9*$H$9 -> 0 | AN9: =AG9*$H$9 -> 0 | AO9: =AH9*$H$9 -> 0 | AP9: =AI9*$H$9 -> 0 | AQ9: =AJ9*$H$9 -> 0 | AR9: =AK9*$H$9 -> 0 | AS9: =SUM(AE9:AK9) -> 10 | BA9: 10 | BF9: =T9*$H$9 -> 0 | BG9: =U9*$H$9 -> 0 | BH9: =V9*$H$9 -> 0 | BI9: =W9*$H$9 -> 0 | BJ9: =X9*$H$9 -> 0 | BK9: =Y9*$H$9 -> 0 | BL9: =Z9*$H$9 -> 0 | BM9: =AA9*$H$9 -> 0 | ... BP9: =AD9*$H$9 -> 0
A10: 24019 | B10: Pebbles set 9 | C10: Edges | D10: S | E10: view | F10: 20 | G10: 85 | H10: =SUM(I10:O10) -> 0 | P10: 2.7 | Q10: =H10*P10 -> 0 | R10: =G10*H10 -> 0 | S10: =F10*H10 -> 0 | T10: 20 | AF10: 20 | AL10: =AE10*$H$10 -> 0 | AM10: =AF10*$H$10 -> 0 | AN10: =AG10*$H$10 -> 0 | AO10: =AH10*$H$10 -> 0 | AP10: =AI10*$H$10 -> 0 | AQ10: =AJ10*$H$10 -> 0 | AR10: =AK10*$H$10 -> 0 | AS10: =SUM(AE10:AK10) -> 20 | BB10: 20 | BF10: =T10*$H$10 -> 0 | BG10: =U10*$H$10 -> 0 | BH10: =V10*$H$10 -> 0 | BI10: =W10*$H$10 -> 0 | BJ10: =X10*$H$10 -> 0 | BK10: =Y10*$H$10 -> 0 | BL10: =Z10*$H$10 -> 0 | BM10: =AA10*$H$10 -> 0 | ... BP10: =AD10*$H$10 -> 0
A11: 24020 | B11: Pebbles set 10 | C11: Footholds | D11: S | E11: view | F11: 20 | G11: 95 | H11: =SUM(I11:O11) -> 0 | P11: 3.6 | Q11: =H11*P11 -> 0 | R11: =G11*H11 -> 0 | S11: =F11*H11 -> 0 | T11: 20 | AF11: 20 | AL11: =AE11*$H$11 -> 0 | AM11: =AF11*$H$11 -> 0 | AN11: =AG11*$H$11 -> 0 | AO11: =AH11*$H$11 -> 0 | AP11: =AI11*$H$11 -> 0 | AQ11: =AJ11*$H$11 -> 0 | AR11: =AK11*$H$11 -> 0 | AS11: =SUM(AE11:AK11) -> 20 | AZ11: 20 | BF11: =T11*$H$11 -> 0 | BG11: =U11*$H$11 -> 0 | BH11: =V11*$H$11 -> 0 | BI11: =W11*$H$11 -> 0 | BJ11: =X11*$H$11 -> 0 | BK11: =Y11*$H$11 -> 0 | BL11: =Z11*$H$11 -> 0 | BM11: =AA11*$H$11 -> 0 | ... BP11: =AD11*$H$11 -> 0
A12: 24021 | B12: Pebbles set 11 | C12: Edges | D12: S-M | E12: view | F12: 20 | G12: 102.5 | H12: =SUM(I12:O12) -> 0 | P12: 4.1 | Q12: =H12*P12 -> 0 | R12: =G12*H12 -> 0 | S12: =F12*H12 -> 0 | T12: 20 | AF12: 15 | AG12: 5 | AL12: =AE12*$H$12 -> 0 | AM12: =AF12*$H$12 -> 0 | AN12: =AG12*$H$12 -> 0 | AO12: =AH12*$H$12 -> 0 | AP12: =AI12*$H$12 -> 0 | AQ12: =AJ12*$H$12 -> 0 | AR12: =AK12*$H$12 -> 0 | AS12: =SUM(AE12:AK12) -> 20 | BB12: 20 | BF12: =T12*$H$12 -> 0 | BG12: =U12*$H$12 -> 0 | BH12: =V12*$H$12 -> 0 | BI12: =W12*$H$12 -> 0 | BJ12: =X12*$H$12 -> 0 | BK12: =Y12*$H$12 -> 0 | BL12: =Z12*$H$12 -> 0 | BM12: =AA12*$H$12 -> 0 | ... BP12: =AD12*$H$12 -> 0
A13: 24022 | B13: Pebbles set 12 | C13: Edges | D13: S-M | E13: view | F13: 12 | G13: 62.5 | H13: =SUM(I13:O13) -> 0 | P13: 2.7 | Q13: =H13*P13 -> 0 | R13: =G13*H13 -> 0 | S13: =F13*H13 -> 0 | T13: 12 | AG13: 12 | AL13: =AE13*$H$13 -> 0 | AM13: =AF13*$H$13 -> 0 | AN13: =AG13*$H$13 -> 0 | AO13: =AH13*$H$13 -> 0 | AP13: =AI13*$H$13 -> 0 | AQ13: =AJ13*$H$13 -> 0 | AR13: =AK13*$H$13 -> 0 | AS13: =SUM(AE13:AK13) -> 12 | BB13: 12 | BF13: =T13*$H$13 -> 0 | BG13: =U13*$H$13 -> 0 | BH13: =V13*$H$13 -> 0 | BI13: =W13*$H$13 -> 0 | BJ13: =X13*$H$13 -> 0 | BK13: =Y13*$H$13 -> 0 | BL13: =Z13*$H$13 -> 0 | BM13: =AA13*$H$13 -> 0 | ... BP13: =AD13*$H$13 -> 0
A14: 24023 | B14: Pebbles set 13 roof jugs | C14: Jugs | D14: Mega | E14: view | F14: 2 | G14: 93.75 | H14: =SUM(I14:O14) -> 0 | P14: 6.3 | Q14: =H14*P14 -> 0 | R14: =G14*H14 -> 0 | S14: =F14*H14 -> 0 | Y14: 2 | AJ14: 2 | AL14: =AE14*$H$14 -> 0 | AM14: =AF14*$H$14 -> 0 | AN14: =AG14*$H$14 -> 0 | AO14: =AH14*$H$14 -> 0 | AP14: =AI14*$H$14 -> 0 | AQ14: =AJ14*$H$14 -> 0 | AR14: =AK14*$H$14 -> 0 | AS14: =SUM(AE14:AK14) -> 2 | BA14: 2 | BF14: =T14*$H$14 -> 0 | BG14: =U14*$H$14 -> 0 | BH14: =V14*$H$14 -> 0 | BI14: =W14*$H$14 -> 0 | BJ14: =X14*$H$14 -> 0 | BK14: =Y14*$H$14 -> 0 | BL14: =Z14*$H$14 -> 0 | BM14: =AA14*$H$14 -> 0 | ... BP14: =AD14*$H$14 -> 0
A15: 24024 | B15: Pebbles set 14 roof jugs | C15: Jugs | D15: Mega | E15: view | F15: 2 | G15: 93.75 | H15: =SUM(I15:O15) -> 0 | P15: 6.7 | Q15: =H15*P15 -> 0 | R15: =G15*H15 -> 0 | S15: =F15*H15 -> 0 | Y15: 2 | AJ15: 2 | AL15: =AE15*$H$15 -> 0 | AM15: =AF15*$H$15 -> 0 | AN15: =AG15*$H$15 -> 0 | AO15: =AH15*$H$15 -> 0 | AP15: =AI15*$H$15 -> 0 | AQ15: =AJ15*$H$15 -> 0 | AR15: =AK15*$H$15 -> 0 | AS15: =SUM(AE15:AK15) -> 2 | BA15: 2 | BF15: =T15*$H$15 -> 0 | BG15: =U15*$H$15 -> 0 | BH15: =V15*$H$15 -> 0 | BI15: =W15*$H$15 -> 0 | BJ15: =X15*$H$15 -> 0 | BK15: =Y15*$H$15 -> 0 | BL15: =Z15*$H$15 -> 0 | BM15: =AA15*$H$15 -> 0 | ... BP15: =AD15*$H$15 -> 0
A16: 24025 | B16: Pebbles set 15 roof jugs | C16: Jugs | D16: Mega | E16: view | F16: 2 | G16: 93.75 | H16: =SUM(I16:O16) -> 0 | P16: 5.8 | Q16: =H16*P16 -> 0 | R16: =G16*H16 -> 0 | S16: =F16*H16 -> 0 | Y16: 2 | AJ16: 2 | AL16: =AE16*$H$16 -> 0 | AM16: =AF16*$H$16 -> 0 | AN16: =AG16*$H$16 -> 0 | AO16: =AH16*$H$16 -> 0 | AP16: =AI16*$H$16 -> 0 | AQ16: =AJ16*$H$16 -> 0 | AR16: =AK16*$H$16 -> 0 | AS16: =SUM(AE16:AK16) -> 2 | BA16: 2 | BF16: =T16*$H$16 -> 0 | BG16: =U16*$H$16 -> 0 | BH16: =V16*$H$16 -> 0 | BI16: =W16*$H$16 -> 0 | BJ16: =X16*$H$16 -> 0 | BK16: =Y16*$H$16 -> 0 | BL16: =Z16*$H$16 -> 0 | BM16: =AA16*$H$16 -> 0 | ... BP16: =AD16*$H$16 -> 0
A17: 24026 | B17: Pebbles set 16 roof jugs | C17: Jugs | D17: Mega | E17: view | F17: 2 | G17: 93.75 | H17: =SUM(I17:O17) -> 0 | P17: 5.6 | Q17: =H17*P17 -> 0 | R17: =G17*H17 -> 0 | S17: =F17*H17 -> 0 | Y17: 2 | AJ17: 2 | AL17: =AE17*$H$17 -> 0 | AM17: =AF17*$H$17 -> 0 | AN17: =AG17*$H$17 -> 0 | AO17: =AH17*$H$17 -> 0 | AP17: =AI17*$H$17 -> 0 | AQ17: =AJ17*$H$17 -> 0 | AR17: =AK17*$H$17 -> 0 | AS17: =SUM(AE17:AK17) -> 2 | BA17: 2 | BF17: =T17*$H$17 -> 0 | BG17: =U17*$H$17 -> 0 | BH17: =V17*$H$17 -> 0 | BI17: =W17*$H$17 -> 0 | BJ17: =X17*$H$17 -> 0 | BK17: =Y17*$H$17 -> 0 | BL17: =Z17*$H$17 -> 0 | BM17: =AA17*$H$17 -> 0 | ... BP17: =AD17*$H$17 -> 0
A18: 24027 | B18: Pebbles set 17 roof jugs | C18: Jugs | D18: Mega | E18: view | F18: 2 | G18: 93.75 | H18: =SUM(I18:O18) -> 0 | P18: 4.9 | Q18: =H18*P18 -> 0 | R18: =G18*H18 -> 0 | S18: =F18*H18 -> 0 | Y18: 2 | AJ18: 2 | AL18: =AE18*$H$18 -> 0 | AM18: =AF18*$H$18 -> 0 | AN18: =AG18*$H$18 -> 0 | AO18: =AH18*$H$18 -> 0 | AP18: =AI18*$H$18 -> 0 | AQ18: =AJ18*$H$18 -> 0 | AR18: =AK18*$H$18 -> 0 | AS18: =SUM(AE18:AK18) -> 2 | BA18: 2 | BF18: =T18*$H$18 -> 0 | BG18: =U18*$H$18 -> 0 | BH18: =V18*$H$18 -> 0 | BI18: =W18*$H$18 -> 0 | BJ18: =X18*$H$18 -> 0 | BK18: =Y18*$H$18 -> 0 | BL18: =Z18*$H$18 -> 0 | BM18: =AA18*$H$18 -> 0 | ... BP18: =AD18*$H$18 -> 0
A19: 25001 | B19: Pebbles set 18 | C19: Pinches | D19: L | E19: view | F19: 6 | G19: 63.75 | H19: =SUM(I19:O19) -> 0 | P19: 4 | Q19: =H19*P19 -> 0 | R19: =G19*H19 -> 0 | S19: =F19*H19 -> 0 | Y19: 6 | AH19: 6 | AL19: =AE19*$H$19 -> 0 | AM19: =AF19*$H$19 -> 0 | AN19: =AG19*$H$19 -> 0 | AO19: =AH19*$H$19 -> 0 | AP19: =AI19*$H$19 -> 0 | AQ19: =AJ19*$H$19 -> 0 | AR19: =AK19*$H$19 -> 0 | AS19: =SUM(AE19:AK19) -> 6 | AX19: 6 | BF19: =T19*$H$14 -> 0 | BG19: =U19*$H$14 -> 0 | BH19: =V19*$H$14 -> 0 | BI19: =W19*$H$14 -> 0 | BJ19: =X19*$H$14 -> 0 | BK19: =Y19*$H$14 -> 0 | BL19: =Z19*$H$14 -> 0 | BM19: =AA19*$H$14 -> 0 | ... BP19: =AD19*$H$14 -> 0
A20: 25002 | B20: Pebbles set 19 | C20: Pinches | D20: XL | E20: view | F20: 8 | G20: 150 | H20: =SUM(I20:O20) -> 0 | P20: 4.9 | Q20: =H20*P20 -> 0 | R20: =G20*H20 -> 0 | S20: =F20*H20 -> 0 | Y20: 8 | AI20: 8 | AL20: =AE20*$H$20 -> 0 | AM20: =AF20*$H$20 -> 0 | AN20: =AG20*$H$20 -> 0 | AO20: =AH20*$H$20 -> 0 | AP20: =AI20*$H$20 -> 0 | AQ20: =AJ20*$H$20 -> 0 | AR20: =AK20*$H$20 -> 0 | AS20: =SUM(AE20:AK20) -> 8 | AX20: 8 | BF20: =T20*$H$15 -> 0 | BG20: =U20*$H$15 -> 0 | BH20: =V20*$H$15 -> 0 | BI20: =W20*$H$15 -> 0 | BJ20: =X20*$H$15 -> 0 | BK20: =Y20*$H$15 -> 0 | BL20: =Z20*$H$15 -> 0 | BM20: =AA20*$H$15 -> 0 | ... BP20: =AD20*$H$15 -> 0
A21: 25003 | B21: Pebbles set 20 | C21: Slopers | D21: XL/Mega | E21: view | F21: 6 | G21: 135 | H21: =SUM(I21:O21) -> 0 | P21: 5 | Q21: =H21*P21 -> 0 | R21: =G21*H21 -> 0 | S21: =F21*H21 -> 0 | Y21: 6 | AI21: 3 | AJ21: 3 | AL21: =AE21*$H$21 -> 0 | AM21: =AF21*$H$21 -> 0 | AN21: =AG21*$H$21 -> 0 | AO21: =AH21*$H$21 -> 0 | AP21: =AI21*$H$21 -> 0 | AQ21: =AJ21*$H$21 -> 0 | AR21: =AK21*$H$21 -> 0 | AS21: =SUM(AE21:AK21) -> 6 | AW21: 6 | BF21: =T21*$H$16 -> 0 | BG21: =U21*$H$16 -> 0 | BH21: =V21*$H$16 -> 0 | BI21: =W21*$H$16 -> 0 | BJ21: =X21*$H$16 -> 0 | BK21: =Y21*$H$16 -> 0 | BL21: =Z21*$H$16 -> 0 | BM21: =AA21*$H$16 -> 0 | ... BP21: =AD21*$H$16 -> 0
A22: 25004 | B22: Pebbles set 21 | C22: Pockets | D22: XL/Mega | E22: view | F22: 7 | G22: 103.13 | H22: =SUM(I22:O22) -> 0 | P22: 4.5 | Q22: =H22*P22 -> 0 | R22: =G22*H22 -> 0 | S22: =F22*H22 -> 0 | Y22: 7 | AI22: 5 | AJ22: 2 | AL22: =AE22*$H$22 -> 0 | AM22: =AF22*$H$22 -> 0 | AN22: =AG22*$H$22 -> 0 | AO22: =AH22*$H$22 -> 0 | AP22: =AI22*$H$22 -> 0 | AQ22: =AJ22*$H$22 -> 0 | AR22: =AK22*$H$22 -> 0 | AS22: =SUM(AE22:AK22) -> 7 | AY22: 7 | BF22: =T22*$H$17 -> 0 | BG22: =U22*$H$17 -> 0 | BH22: =V22*$H$17 -> 0 | BI22: =W22*$H$17 -> 0 | BJ22: =X22*$H$17 -> 0 | BK22: =Y22*$H$17 -> 0 | BL22: =Z22*$H$17 -> 0 | BM22: =AA22*$H$17 -> 0 | ... BP22: =AD22*$H$17 -> 0
Q23: =SUM(Q2:Q22) -> 0 | R23: =SUM(R2:R22) -> 0 | S23: =SUM(S2:S22) -> 0

Sheet Macros Fiberglass
A1: Ref. No. | B1: Fiberglass macros | C1: View | D1: Total holds/set | E1: Price (EUR) | F1: Set | G1: Sulfur Yellow 1023 | H1: Traffic Red 3020 | I1: Sky Blue 5015 | J1: Jet Black 9005 | K1: Signal Violet 4008 | L1: Mint 6027 | M1: Yellow Green 6018 | N1: Off-white RAL 9016 | O1: Weight (kg.) | P1: Total weight (kg.) | Q1: Total Amount
A2: 21001 | B2: Obsidian Macro 1 | C2: view | D2: 1 | E2: 238 | F2: =SUM(G2:N2) -> 0 | O2: 3.8 | P2: =F2*O2 -> 0 | Q2: =F2*E2 -> 0 | R2: =F2*D2 -> 0
A3: 21002 | B3: Obsidian Macro 2 | C3: view | D3: 1 | E3: 235 | F3: =SUM(G3:N3) -> 0 | O3: 3.4 | P3: =F3*O3 -> 0 | Q3: =F3*E3 -> 0 | R3: =F3*D3 -> 0
A4: 21003 | B4: Obsidian Macro 3 | C4: view | D4: 1 | E4: 236 | F4: =SUM(G4:N4) -> 0 | O4: 3.5 | P4: =F4*O4 -> 0 | Q4: =F4*E4 -> 0 | R4: =F4*D4 -> 0
A5: 21004 | B5: Obsidian Macro 4 | C5: view | D5: 1 | E5: 236 | F5: =SUM(G5:N5) -> 0 | O5: 3.7 | P5: =F5*O5 -> 0 | Q5: =F5*E5 -> 0 | R5: =F5*D5 -> 0
A6: 21005 | B6: Obsidian Macro 5 | C6: view | D6: 1 | E6: 238 | F6: =SUM(G6:N6) -> 0 | O6: 3.5 | P6: =F6*O6 -> 0 | Q6: =F6*E6 -> 0 | R6: =F6*D6 -> 0
A7: 21006 | B7: Obsidian Macro 6 | C7: view | D7: 1 | E7: 249 | F7: =SUM(G7:N7) -> 0 | O7: 4 | P7: =F7*O7 -> 0 | Q7: =F7*E7 -> 0 | R7: =F7*D7 -> 0
A8: 21007 | B8: Obsidian Macro 7 | C8: view | D8: 1 | E8: 236 | F8: =SUM(G8:N8) -> 0 | O8: 3.6 | P8: =F8*O8 -> 0 | Q8: =F8*E8 -> 0 | R8: =F8*D8 -> 0
A9: 21008 | B9: Obsidian Macro 8 | C9: view | D9: 1 | E9: 249 | F9: =SUM(G9:N9) -> 0 | O9: 4.2 | P9: =F9*O9 -> 0 | Q9: =F9*E9 -> 0 | R9: =F9*D9 -> 0
A10: 21009 | B10: Obsidian Macro 9-10 (Blockers) | C10: view | D10: 2 | E10: 458 | F10: =SUM(G10:N10) -> 0 | O10: 7.1 | P10: =F10*O10 -> 0 | Q10: =F10*E10 -> 0 | R10: =F10*D10 -> 0
B11: Obsidian - Full Line | D11: =SUM(D2:D10) -> 10 | E11: =SUM(E2:E10) -> 2375 | F11: =SUM(G11:N11) -> 0 | O11: =SUM(O2:O10) -> 36.8 | P11: =F11*O11 -> 0 | Q11: =F11*E11 -> 0 | R11: =F11*D11 -> 0
A12: 23001 | B12: Rubble Macro 1 | C12: view | D12: 1 | E12: 144 | F12: =SUM(G12:N12) -> 0 | O12: 1.3 | P12: =F12*O12 -> 0 | Q12: =F12*E12 -> 0 | R12: =F12*D12 -> 0
A13: 23002 | B13: Rubble Macro 2 | C13: view | D13: 1 | E13: 144 | F13: =SUM(G13:N13) -> 0 | O13: 1.7 | P13: =F13*O13 -> 0 | Q13: =F13*E13 -> 0 | R13: =F13*D13 -> 0
A14: 23003 | B14: Rubble Macro 3 | C14: view | D14: 1 | E14: 177 | F14: =SUM(G14:N14) -> 0 | O14: 2.1 | P14: =F14*O14 -> 0 | Q14: =F14*E14 -> 0 | R14: =F14*D14 -> 0
A15: 23004 | B15: Rubble Macro 4 | C15: view | D15: 1 | E15: 177 | F15: =SUM(G15:N15) -> 0 | O15: 2.2 | P15: =F15*O15 -> 0 | Q15: =F15*E15 -> 0 | R15: =F15*D15 -> 0
A16: 23005 | B16: Rubble Macro 5 | C16: view | D16: 1 | E16: 177 | F16: =SUM(G16:N16) -> 0 | O16: 2.2 | P16: =F16*O16 -> 0 | Q16: =F16*E16 -> 0 | R16: =F16*D16 -> 0
A17: 23006 | B17: Rubble Macro 6 | C17: view | D17: 1 | E17: 177 | F17: =SUM(G17:N17) -> 0 | O17: 2.3 | P17: =F17*O17 -> 0 | Q17: =F17*E17 -> 0 | R17: =F17*D17 -> 0
A18: 23007 | B18: Rubble Macro 7 | C18: view | D18: 1 | E18: 218 | F18: =SUM(G18:N18) -> 0 | O18: 2.9 | P18: =F18*O18 -> 0 | Q18: =F18*E18 -> 0 | R18: =F18*D18 -> 0
A19: 23008 | B19: Rubble Macro 8 | C19: view | D19: 1 | E19: 218 | F19: =SUM(G19:N19) -> 0 | O19: 3.1 | P19: =F19*O19 -> 0 | Q19: =F19*E19 -> 0 | R19: =F19*D19 -> 0
A20: 23009 | B20: Rubble Macro 9 | C20: view | D20: 1 | E20: 252 | F20: =SUM(G20:N20) -> 0 | O20: 4 | P20: =F20*O20 -> 0 | Q20: =F20*E20 -> 0 | R20: =F20*D20 -> 0
A21: 23010 | B21: Rubble Macro 10 | C21: view | D21: 1 | E21: 289 | F21: =SUM(G21:N21) -> 0 | O21: 4.9 | P21: =F21*O21 -> 0 | Q21: =F21*E21 -> 0 | R21: =F21*D21 -> 0
B22: Rubble - Full Line | C22: view | D22: =SUM(D12:D21) -> 10 | E22: =SUM(E12:E21) -> 1973 | F22: =SUM(G22:N22) -> 0 | O22: =SUM(O12:O21) -> 26.7 | P22: =F22*O22 -> 0 | Q22: =F22*E22 -> 0 | R22: =F22*D22 -> 0
A23: 24001 | B23: Rubble Macro 1 dual texture | C23: view | D23: 1 | E23: 183 | F23: =SUM(G23:N23) -> 0 | O23: 1.3 | P23: =F23*O23 -> 0 | Q23: =F23*E23 -> 0 | R23: =F23*D23 -> 0
A24: 24002 | B24: Rubble Macro 2 dual texture | C24: view | D24: 1 | E24: 183 | F24: =SUM(G24:N24) -> 0 | O24: 1.7 | P24: =F24*O24 -> 0 | Q24: =F24*E24 -> 0 | R24: =F24*D24 -> 0
A25: 24003 | B25: Rubble Macro 3 dual texture | C25: view | D25: 1 | E25: 204 | F25: =SUM(G25:N25) -> 0 | O25: 2.1 | P25: =F25*O25 -> 0 | Q25: =F25*E25 -> 0 | R25: =F25*D25 -> 0
A26: 24004 | B26: Rubble Macro 4 dual texture | C26: view | D26: 1 | E26: 204 | F26: =SUM(G26:N26) -> 0 | O26: 2.2 | P26: =F26*O26 -> 0 | Q26: =F26*E26 -> 0 | R26: =F26*D26 -> 0
A27: 24005 | B27: Rubble Macro 5 dual texture | C27: view | D27: 1 | E27: 228 | F27: =SUM(G27:N27) -> 0 | O27: 2.2 | P27: =F27*O27 -> 0 | Q27: =F27*E27 -> 0 | R27: =F27*D27 -> 0
A28: 24006 | B28: Rubble Macro 6 dual texture | C28: view | D28: 1 | E28: 204 | F28: =SUM(G28:N28) -> 0 | O28: 2.3 | P28: =F28*O28 -> 0 | Q28: =F28*E28 -> 0 | R28: =F28*D28 -> 0
A29: 24007 | B29: Rubble Macro 7 dual texture | C29: view | D29: 1 | E29: 252 | F29: =SUM(G29:N29) -> 0 | O29: 2.9 | P29: =F29*O29 -> 0 | Q29: =F29*E29 -> 0 | R29: =F29*D29 -> 0
A30: 24008 | B30: Rubble Macro 8 dual texture | C30: view | D30: 1 | E30: 294 | F30: =SUM(G30:N30) -> 0 | O30: 3.1 | P30: =F30*O30 -> 0 | Q30: =F30*E30 -> 0 | R30: =F30*D30 -> 0
A31: 24009 | B31: Rubble Macro 9 dual texture | C31: view | D31: 1 | E31: 340 | F31: =SUM(G31:N31) -> 0 | O31: 4 | P31: =F31*O31 -> 0 | Q31: =F31*E31 -> 0 | R31: =F31*D31 -> 0
A32: 24010 | B32: Rubble Macro 10 dual texture | C32: view | D32: 1 | E32: 365 | F32: =SUM(G32:N32) -> 0 | O32: 4.9 | P32: =F32*O32 -> 0 | Q32: =F32*E32 -> 0 | R32: =F32*D32 -> 0
B33: Rubble DUAL - Full Line | C33: view | D33: =SUM(D23:D32) -> 10 | E33: =SUM(E23:E32) -> 2457 | F33: =SUM(G33:N33) -> 0 | O33: =SUM(O23:O32) -> 26.7 | P33: =F33*O33 -> 0 | Q33: =F33*E33 -> 0 | R33: =F33*D33 -> 0
A34: 25001 | B34: Rubble II Macro 1 | C34: view | D34: 1 | E34: 195 | F34: =SUM(G34:N34) -> 0 | O34: 1.9 | P34: =F34*O34 -> 0 | Q34: =F34*E34 -> 0 | R34: =F34*D34 -> 0
A35: 25002 | B35: Rubble II Macro 2 | C35: view | D35: 1 | E35: 195 | F35: =SUM(G35:N35) -> 0 | O35: 1.9 | P35: =F35*O35 -> 0 | Q35: =F35*E35 -> 0 | R35: =F35*D35 -> 0
A36: 25003 | B36: Rubble II Macro 3 | C36: view | D36: 1 | E36: 195 | F36: =SUM(G36:N36) -> 0 | O36: 2.1 | P36: =F36*O36 -> 0 | Q36: =F36*E36 -> 0 | R36: =F36*D36 -> 0
A37: 25004 | B37: Rubble II Macro 4 | C37: view | D37: 1 | E37: 208 | F37: =SUM(G37:N37) -> 0 | O37: 2.4 | P37: =F37*O37 -> 0 | Q37: =F37*E37 -> 0 | R37: =F37*D37 -> 0
A38: 25005 | B38: Rubble II Macro 5 | C38: view | D38: 1 | E38: 208 | F38: =SUM(G38:N38) -> 0 | O38: 2.4 | P38: =F38*O38 -> 0 | Q38: =F38*E38 -> 0 | R38: =F38*D38 -> 0
A39: 25006 | B39: Rubble II Macro 6 | C39: view | D39: 1 | E39: 221 | F39: =SUM(G39:N39) -> 0 | O39: 3 | P39: =F39*O39 -> 0 | Q39: =F39*E39 -> 0 | R39: =F39*D39 -> 0
A40: 25007 | B40: Rubble II Macro 7 | C40: view | D40: 1 | E40: 221 | F40: =SUM(G40:N40) -> 0 | O40: 3.1 | P40: =F40*O40 -> 0 | Q40: =F40*E40 -> 0 | R40: =F40*D40 -> 0
A41: 25008 | B41: Rubble II Macro 8 | C41: view | D41: 1 | E41: 234 | F41: =SUM(G41:N41) -> 0 | O41: 3.6 | P41: =F41*O41 -> 0 | Q41: =F41*E41 -> 0 | R41: =F41*D41 -> 0
A42: 25009 | B42: Rubble II Macro 9+10 | C42: view | D42: 2 | E42: 338 | F42: =SUM(G42:N42) -> 0 | O42: 3 | P42: =F42*O42 -> 0 | Q42: =F42*E42 -> 0 | R42: =F42*D42 -> 0
B43: Rubble II - Full Line NEW | C43: view | D43: =SUM(D34:D42) -> 10 | E43: =SUM(E34:E42) -> 2015 | F43: =SUM(G43:N43) -> 0 | O43: =SUM(O34:O42) -> 23.4 | P43: =F43*O43 -> 0 | Q43: =F43*E43 -> 0 | R43: =F43*D43 -> 0
P44: =SUM(P2:P43) -> 0 | Q44: =SUM(Q2:Q43) -> 0 | R44: =SUM(R2:R43) -> 0
